 Dungeon Crawl Stone Soup version 0.24.0-13-gcf9b3192b9 (webtiles) character file.

Game seed: 1894788954602617828, levelgen mode: deterministic

1439618 night the Gnoll Aeon (level 27, -4/239 (245) HPs)
             Began as a Gnoll Air Elementalist on Nov 3, 2019.
             Was the Champion of Cheibriados.
             Killed by dispel undead
             ... invoked by an ushabti
              (29 damage)
             ... on level 3 of the Tomb of the Ancients on Nov 7, 2019.
             The game lasted 19:53:36 (169042 turns).

night the Gnoll Aeon (Gnoll Air Elementalist)     Turns: 169042, Time: 19:53:37

HP:   -4/239 (245)  AC: 56    Str: 22 (25) XL:     27
MP:   9/53          EV: 37    Int: 45      God:    Cheibriados [******]
Gold: 11284         SH: 36    Dex: 35      Spells: 1/79 levels left

rFire    + + +     SeeInvis +     - Unarmed
rCold    + + +     Gourm    .   h - +6 large shield "Tapp" {rN+ Dex+6}
rNeg     + + +     Faith    .   w - +10 pearl dragon scales
rPois    ∞         Spirit   .   n - +2 hat {SInv}
rElec    +         Reflect  +   Q - +2 cloak
rCorr    +         Harm     .   e - +2 pair of gloves
MR       +++++                  A - +2 pair of boots
Stlth    +++++++++.             Y - amulet "Hirutryz" {Reflect rElec rPois rF+++ Dex-5 SH+2}
HPRegen  0.49/turn              Z - ring of Avomekou {rN+ rCorr}
MPRegen  0.33/turn              r - ring "Nukith" {rC++ rN+ MR+}

@: lethally poisoned (-4 -> -4), lich-form, slowed, very slow
A: distributed training, fangs 1, icy blue scales 1, iridescent scales 1, thin
skeletal structure 1, deterioration 2, magic resistance 1, mutation resistance
2, strong nose
}: 14/15 runes: serpentine, barnacled, slimy, silver, iron, obsidian, icy, bone,
abyssal, demonic, glowing, magical, fiery, dark
a: End Transformation, Bend Time, Temporal Distortion, Slouch, Step From Time,
Renounce Religion


You were on level 3 of the Tomb of the Ancients.
You worshipped Cheibriados.
Cheibriados was exalted by your worship.
You were not hungry.
You were a lich.
You visited 18 branches of the dungeon, and saw 88 of its levels.
You visited Pandemonium 1 time, and saw 18 of its levels.
You visited the Abyss 8 times.
You also visited: Wizlab.

You collected 17042 gold pieces.
You spent 5758 gold pieces at shops.

Inventory:

Hand Weapons
 a - a +6 demon whip of flaming
 q - a +4 double sword of slicing
 E - a +8 eudemon blade of holy wrath
 H - a +3 sacred scourge of holy wrath
Missiles
 M - 53 boomerangs (quivered)
 R - 12 throwing nets
Armour
 e - a +2 pair of gloves (worn)
 h - the +6 large shield "Tapp" (worn) {rN+ Dex+6}
   (You found it on level 1 of the Abyss)

   It affects your dexterity (+6).
   It protects you from negative energy.
 n - a +2 hat of see invisible (worn)
 w - +10 pearl dragon scales (worn)
 A - a +2 pair of boots (worn)
 O - a +4 shield of reflection
 Q - a +2 cloak (worn)
Magical Staves
 u - an uncursed staff of wizardry
 K - an uncursed staff of energy
Jewellery
 g - an uncursed ring of protection from cold
 i - a +4 ring of protection
 r - the ring "Nukith" (right hand) {rC++ rN+ MR+}
   (You found it in a wizard's laboratory)

   [ring of protection from magic]

   It greatly protects you from cold.
   It protects you from negative energy.
   It affects your resistance to hostile enchantments.
 t - a +5 ring of evasion
 x - the ring "Wypiytat" {+Blink rC+ rCorr}
   (You took it off a red devil in Pandemonium)

   [ring of resist corrosion]

   It protects you from cold.
   It lets you blink.
   It provides partial protection from all sources of acid and corrosion.
 B - an uncursed amulet of the acrobat
 N - the ring "Lucwuwei" {Fire MR+ Int-2 SInv Stlth+}
   (You took it off an efreet in Pandemonium)

   [ring of fire]

   It enhances your fire magic.
   It affects your intelligence (-2).
   It protects you from fire.
   It makes you vulnerable to cold.
   It affects your resistance to hostile enchantments.
   It lets you see invisible.
   It makes you more stealthy.
 Y - the amulet "Hirutryz" (around neck) {Reflect rElec rPois rF+++ Dex-5 SH+2}
   (You took it off a fire giant on level 5 of the Vaults)

   [amulet of reflection]

   It shields you and reflects attacks.
   It affects your dexterity (-5).
   It renders you almost immune to fire.
   It insulates you from electricity.
   It protects you from poison.
   It affects your SH (+2).
 Z - the ring of Avomekou (left hand) {rN+ rCorr}
   (You took it off a deep elf annihilator on level 3 of the Elven Halls)

   [ring of resist corrosion]

   It protects you from negative energy.
   It provides partial protection from all sources of acid and corrosion.
Wands
 b - a wand of digging (8)
 l - a wand of clouds (15)
 y - a wand of paralysis (72)
 z - a wand of acid (23)
 I - a wand of iceblast (70)
 V - a wand of polymorph (29)
Scrolls
 f - 5 scrolls of blinking
 j - 5 scrolls of silence
 m - 40 scrolls of remove curse
 C - 13 scrolls of teleportation
 J - 2 scrolls of summoning
 T - 37 scrolls of identify
 U - 13 scrolls of fog
 W - a scroll of magic mapping
 X - 9 scrolls of fear
Potions
 d - 9 potions of might
 k - 4 potions of cancellation
 o - 13 potions of curing
 p - 10 potions of heal wounds
 D - 11 potions of agility
 F - 2 potions of mutation
 G - 6 potions of resistance
 L - 6 potions of magic
 P - 8 potions of lignification
 S - 15 potions of brilliance
Miscellaneous
 s - a lamp of fire
 v - a crystal ball of energy
Comestibles
 c - 83 rations


   Skills:
 + Level 26.2 Fighting
 + Level 26.2 Short Blades
 + Level 26.2 Long Blades
 + Level 26.2 Axes
 + Level 26.2 Maces & Flails
 + Level 26.2 Polearms
 + Level 26.2 Staves
 + Level 26.2 Slings
 + Level 26.2 Bows
 + Level 26.2 Crossbows
 + Level 26.2 Throwing
 + Level 26.2 Armour
 + Level 26.5 Dodging
 + Level 26.4 Stealth
 + Level 26.2 Shields
 + Level 26.2 Unarmed Combat
 + Level 26.5 Spellcasting
 + Level 22.9 Conjurations
 + Level 22.9 Hexes
 + Level 22.9 Charms
 + Level 22.9 Summonings
 + Level 22.9 Necromancy
 + Level 22.9 Translocations
 + Level 22.9 Transmutations
 + Level 22.9 Fire Magic
 + Level 22.9 Ice Magic
 + Level 23.3 Air Magic
 + Level 22.9 Earth Magic
 + Level 22.9 Poison Magic
 O Level 27 Invocations
 + Level 26.2 Evocations


You had one spell level left.
You knew the following spells:

 Your Spells              Type           Power        Failure   Level  Hunger
a - Summon Butterflies    Summ           ########     0%          1    N/A
b - Sublimation of Blood  Necr           #########.   0%          2    N/A
c - Airstrike             Air            ########..   0%          4    N/A
d - Apportation           Tloc           ######       0%          1    N/A
g - Lesser Beckoning      Tloc           ########..   0%          3    N/A
h - Orb of Destruction    Conj           ########..   1%          7    N/A
i - Spellforged Servitor  Conj/Summ      ########..   1%          7    N/A
j - Regeneration          Chrm/Necr      #########.   0%          3    N/A
k - Death's Door          Chrm/Necr      #########.   1%          8    N/A
l - Haunt                 Necr/Summ      #########.   1%          7    N/A
m - Necromutation         Tmut/Necr      #########.   1%          8    N/A
n - Fire Storm            Conj/Fire      ########..   3%          9    N/A
o - Shatter               Erth           ########..   3%          9    N/A
p - Dragon's Call         Summ           ########..   3%          9    N/A

Your spell library contained the following spells:

 Spells                   Type           Power        Failure   Level  Hunger
 Animate Skeleton         Necr           N/A          0%          1    N/A
 Beastly Appendage        Tmut           ######       0%          1    N/A
 Confusing Touch          Hex            ######       0%          1    N/A
 Corona                   Hex            #######      0%          1    N/A
 Flame Tongue             Conj/Fire      #####        0%          1    N/A
 Freeze                   Ice            ####         0%          1    N/A
 Infusion                 Chrm           ####         0%          1    N/A
 Magic Dart               Conj           ####         0%          1    N/A
 Sandblast                Erth           ######       0%          1    N/A
 Shock                    Conj/Air       ####         0%          1    N/A
 Summon Small Mammal      Summ           ####         0%          1    N/A
 Blink                    Tloc           N/A          0%          2    N/A
 Call Imp                 Summ           ########     0%          2    N/A
 Ensorcelled Hibernation  Hex/Ice        ######       0%          2    N/A
 Passwall                 Tmut/Erth      ########     0%          2    N/A
 Poisonous Vapours        Pois/Air       ######       0%          2    N/A
 Searing Ray              Conj           ######       0%          2    N/A
 Shroud of Golubria       Chrm/Tloc      ######       0%          2    N/A
 Slow                     Hex            ########     0%          2    N/A
 Song of Slaying          Chrm           ########     0%          2    N/A
 Swiftness                Chrm/Air       ########     0%          2    N/A
 Throw Flame              Conj/Fire      ######       0%          2    N/A
 Throw Frost              Conj/Ice       ######       0%          2    N/A
 Call Canine Familiar     Summ           ########     0%          3    N/A
 Confuse                  Hex            ########     0%          3    N/A
 Conjure Flame            Conj/Fire      ########     0%          3    N/A
 Dazzling Spray           Conj/Hex       ######       0%          3    N/A
 Gell's Gravitas          Tloc           ########..   0%          3    N/A
 Ignite Poison            Fire/Tmut/Pois ########     0%          3    N/A
 Inner Flame              Hex/Fire       ########     0%          3    N/A
 Mephitic Cloud           Conj/Pois/Air  ########     0%          3    N/A
 Ozocubu's Armour         Chrm/Ice       ########     0%          3    N/A
 Portal Projectile        Hex/Tloc       ######       0%          3    N/A
 Recall                   Summ/Tloc      N/A          0%          3    N/A
 Spectral Weapon          Hex/Chrm       ########     0%          3    N/A
 Static Discharge         Conj/Air       ########     0%          3    N/A
 Stone Arrow              Conj/Erth      ######       0%          3    N/A
 Summon Guardian Golem    Hex/Summ       ########     0%          3    N/A
 Teleport Other           Tloc           ########     0%          3    N/A
 Tukima's Dance           Hex            ########     0%          3    N/A
 Animate Dead             Necr           N/A          0%          4    N/A
 Cause Fear               Hex            ########..   0%          4    N/A
 Force Lance              Conj/Tloc      ########     0%          4    N/A
 Fulminant Prism          Conj/Hex       ########..   0%          4    N/A
 Ice Form                 Ice/Tmut       ########     0%          4    N/A
 Iskenderun's Mystic Bla  Conj           ########     0%          4    N/A
 Leda's Liquefaction      Hex/Erth       ########..   0%          4    N/A
 Passage of Golubria      Tloc           N/A          0%          4    N/A
 Petrify                  Tmut/Erth      ########     0%          4    N/A
 Sticky Flame             Conj/Fire      ########     0%          4    N/A
 Summon Ice Beast         Ice/Summ       ########     0%          4    N/A
 Summon Lightning Spire   Summ/Air       ########     0%          4    N/A
 Throw Icicle             Conj/Ice       ########     0%          4    N/A
 Alistair's Intoxication  Tmut/Pois      ########     0%          5    N/A
 Aura of Abjuration       Summ           ########..   0%          5    N/A
 Bolt of Magma            Conj/Fire/Erth ########..   0%          5    N/A
 Borgnjor's Vile Clutch   Necr/Erth      #########.   0%          5    N/A
 Fireball                 Conj/Fire      ########..   0%          5    N/A
 Irradiate                Conj/Tmut      ########..   0%          5    N/A
 Iskenderun's Battlesphe  Conj/Chrm      ########     0%          5    N/A
 Lee's Rapid Deconstruct  Erth           ########..   0%          5    N/A
 Lightning Bolt           Conj/Air       ########..   0%          5    N/A
 Metabolic Englaciation   Hex/Ice        ########..   0%          5    N/A
 Silence                  Hex/Air        ########..   0%          5    N/A
 Summon Demon             Summ           ########..   0%          5    N/A
 Summon Forest            Summ/Tloc      ########..   0%          5    N/A
 Summon Mana Viper        Hex/Summ       ########     0%          5    N/A
 Venom Bolt               Conj/Pois      ########..   0%          5    N/A
 Yara's Violent Unravell  Hex/Tmut       ########..   0%          5    N/A
 Bolt of Cold             Conj/Ice       ########..   0%          6    N/A
 Bolt of Fire             Conj/Fire      ########..   0%          6    N/A
 Conjure Ball Lightning   Conj/Air       ########..   0%          6    N/A
 Death Channel            Necr           #########.   0%          6    N/A
 Deflect Missiles         Chrm/Air       ########..   0%          6    N/A
 Freezing Cloud           Conj/Ice/Air   ########..   0%          6    N/A
 Invisibility             Hex            ########     0%          6    N/A
 Iron Shot                Conj/Erth      ########..   0%          6    N/A
 Ozocubu's Refrigeration  Ice            ########..   0%          6    N/A
 Poison Arrow             Conj/Pois      ########..   0%          6    N/A
 Shadow Creatures         Summ           N/A          0%          6    N/A
 Simulacrum               Ice/Necr       #########.   0%          6    N/A
 Statue Form              Tmut/Erth      ########.    0%          6    N/A
 Dragon Form              Tmut           ########..   1%          7    N/A
 Malign Gateway           Summ/Tloc      ########..   1%          7    N/A
 Monstrous Menagerie      Summ           ########..   1%          7    N/A
 Ring of Flames           Chrm/Fire      ########..   1%          7    N/A
 Summon Greater Demon     Summ           ########..   1%          7    N/A
 Summon Hydra             Summ           ########..   1%          7    N/A
 Borgnjor's Revivificati  Necr           #########.   1%          8    N/A
 Chain Lightning          Conj/Air       ########..   1%          8    N/A
 Discord                  Hex            ########..   1%          8    N/A
 Ignition                 Fire           ########..   1%          8    N/A
 Infestation              Necr           #########.   1%          8    N/A
 Lehudib's Crystal Spear  Conj/Erth      ########..   1%          8    N/A
 Summon Horrible Things   Summ           ########..   1%          8    N/A
 Tornado                  Air            ########..   2%          9    N/A
 Glaciate                 Conj/Ice       ########..   3%          9    N/A

Dungeon Overview and Level Annotations

Branches:
Dungeon (15/15)            Temple (1/1) D:6            Lair (6/6) D:8
 Shoals (4/4) Lair:2        Snake (4/4) Lair:4        Slime (5/5) Lair:5
    Orc (2/2) D:9             Elf (3/3) Orc:2        Vaults (5/5) D:13
  Crypt (3/3) Vaults:3       Tomb (3/3) Crypt:3      Depths (5/5) D:15
   Hell (visited)             Dis (7/7) Hell            Geh (7/7) Hell
    Coc (7/7) Hell            Tar (7/7) Hell            Zot (5/5) Depths:5
 WizLab (visited)

Altars:
Ashenzari
Cheibriados
Dithmenos
Elyvilon
Fedhas
Gozag
Hepliaklqana
Kikubaaqudgha
Makhleb
Nemelex Xobeh
Okawaru
Qazlal
Ru
Sif Muna
Trog
Uskayaw
Vehumet
Wu Jian
Xom
Yredelemnul
Zin
The Shining One
Beogh
Jiyva

Shops:
Orc:2 %!(:   Elf:1 !}   Elf:2 **?(   Elf:3 (   Snake:2 [   Snake:3 }
Vaults:1 ?   Vaults:2 [   Vaults:3 }   Vaults:5 }}   Depths:4 %

Portals:
Hell: Depths:1 Depths:2 Depths:3 Depths:4 Depths:5
Abyss: Depths:3 Depths:4
Pandemonium: Orc:2 Depths:2 Depths:3 Depths:4
Ziggurat: Depths:3

Annotations:
D:9 1 runed translucent door
D:10 3 runed translucent doors, Akransas's ghost, journeyman CeHu
D:12 2 transporters, Roubeug's ghost, journeyman FeBe
Snake:2 2 transporters, vinnietd's ghost, adept HaFi
Orc:2 2 exclusions
Elf:2 1 runed translucent door
Crypt:2 1 runed translucent door, Hynnuzim's ghost, veteran CeHu
Depths:2 2 transporters, Niyzxuen's ghost, adept MiBe


Innate Abilities, Weirdness & Mutations

Your experience applies equally to all skills.
You have very sharp teeth.
Your uncanny sense of smell can sniff out nearby items.
You are partially covered in icy blue scales. (AC +2)
You are partially covered in iridescent scales. (AC +2)
You have a somewhat thin skeletal structure. (Dex +2, Stealth)
Your body often deteriorates upon taking damage.
You are resistant to hostile enchantments. (MR+)
You are somewhat resistant to both further mutation and mutation removal.


Message History

You convulse!
* * * LOW HITPOINT WARNING * * *
You block the guardian mummy's attack.
You punch the guardian mummy! Your bite misses the guardian mummy.
The guardian mummy is almost destroyed.
An ancient lich comes into view.
Casting: Fire Storm (slightly dangerous; 3% risk of failure)
Confirm with . or Enter, or press ? or * to list all spells.
Okay, then.
Casting: Fire Storm (slightly dangerous; 3% risk of failure)
Confirm with . or Enter, or press ? or * to list all spells.
Okay, then.
You pummel the guardian mummy!!
You destroy the guardian mummy!
Cheibriados appreciates the change of pace.
You feel extremely nervous for a moment...
You feel yourself slow down.
You feel horribly lethargic. The ushabti gestures slowly at you.
You convulse!
You die...

###### ########
##.)..## #.†....#
##.."...###)(....#
##........##(.....#
##=L......^##......#
##..........^#.(..[.#
##.....)?.....#......#
##.w§.....8....+......'
#$§*§88........#.(....#
#$$$$$.........#......#
#$$!$..)......##......#
#$$$)?.L8.....##......#
#$$$..^.°....##........


You could see an eldritch tentacle, an ancient lich and 4 ushabtiu.

Vanquished Creatures
  Cerebov (Pan)
  Antaeus (Coc:7)
  the Royal Jelly (Slime:5)
  Asmodeus (Geh:7)
  Gloorx Vloq (Pan)
  Ereshkigal (Tar:7)
  Mnoleg (Pan)
  A seraph (Pan)
  Dispater (Dis:7)
  4 orbs of fire
  Mara (Vaults:5)
  4 pandemonium lords (Pan)
  Mennas (Crypt:1)
  14 ancient liches
  2 juggernauts (Depths:5)
  Sojobo (Crypt:3)
  23 greater mummies
  Frederick (Depths:4)
  Boris (4 times) (Vaults:2 Depths:5 Crypt:1 Crypt:2)
  14 shard shrikes
  3 Killer Klowns
  A caustic shrike (Depths:5)
  A curse toe (Zot:3)
  Geryon (Hell)
  11 golden dragons
  Nikola (Vaults:2)
  the Enchantress (Depths:3)
  29 bone dragons
  13 doom hounds
  A pearl dragon (Pan)
  51 Tzitzimimeh
  7 iron giants
  3 electric golems
  Jorgrun (Orc:1)
  34 Brimstone Fiends
  10 Hell Sentinels
  A hellephant (Abyss:1)
  26 Ice Fiends
  A Cloud Mage (WizLab)
  31 liches
  21 tentacled monstrosities
  2 deep elf blademasters (Elf:3)
  25 Orb Guardians (Zot:5)
  A shard shrike skeleton (Crypt:2)
  A titan (shapeshifter) (Vaults:5)
  14 quicksilver dragons
  5 titans
  3 deep elf master archers (Elf:3)
  41 Executioners
  19 acid blobs
  6 ancient champions
  6 death cobs
  3 eldritch tentacles
  Agnes (Elf:1)
  19 storm dragons
  37 tentacled starspawn
  31 shadow dragons
  4 sphinxes
  Kirke (Snake:4)
  10 daevas
  9 tengu reavers
  Ilsuiw (Shoals:2)
  5 revenants
  5 draconian monks
  Roxanne (Elf:3)
  Donald (Vaults:4)
  A storm dragon (shapeshifter) (Depths:5)
  17 fire giants
  6 draconian knights
  10 nagarajas
  11 frost giants
  24 azure jellies
  7 draconian scorchers
  13 deep elf sorcerers
  38 balrugs
  10 iron dragons
  The ghost of Wecaes the Arsonist, a journeyman HOFE of Okawaru (Shoals:4)
  The ghost of Jafont the Arsonist, a journeyman HOFE of Okawaru (Shoals:1)
  10 vault wardens
  5 ghost moths
  4 warmongers (Pan)
  2 curse skulls (Pan)
  38 cacodemons
  3 deep elf elementalists
  9 draconian shifters
  15 war gargoyles
  31 angels (Pan)
  4 draconian stormcallers
  10 spriggan defenders
  11 draconian annihilators
  91 reapers
  23 ironheart preservers
  4 elemental wellsprings
  34 very ugly things
  14 ophanim (Pan)
  14 stone giants
  7 corrupters (Pan)
  9 green draconians
  2 entropy weavers (Vaults:4)
  6 deep elf demonologists
  A blood saint (Pan)
  13 vampire knights
  11 lorocyprocas
  12 black draconians
  19 apis (Pan)
  8 white draconians
  A dire elephant (Abyss:1)
  8 purple draconians
  8 red draconians
  3 black suns (Pan)
  9 spark wasps
  7 yellow draconians
  9 deep elf annihilators
  23 blizzard demons
  3 crystal guardians (Crypt:3)
  9 green deaths
  8 deep elf death magi
  7 merfolk javelineers
  3 eidola
  5 merfolk impalers
  Snorg (D:14)
  13 jiangshi
  10 ettins
  8 death oozes
  12 mummy priests
  14 yaktaur captains
  5 fire dragons
  6 quicksilver dragon zombies
  4 kraken zombies
  10 deep elf high priests
  8 great orbs of eyes
  Harold (D:7)
  30 ice dragons
  9 spriggan air magi
  2 monstrous demonspawn
  11 quicksilver dragon skeletons
  10 rakshasas
  2 hell beasts
  18 naga warriors
  3 hydras
  8 anacondas
  2 catoblepae
  2 alligator snapping turtles (Shoals:3)
  32 vault guards
  5 ghost crabs
  5 death knights
  10 death yaks
  An anaconda (shapeshifter) (Vaults:5)
  6 satyrs
  8 centaur warriors
  45 two-headed ogres
  29 hell hogs
  28 ogre magi
  29 thrashing horrors
  8 deep troll shamans
  A merfolk aquamancer (Shoals:3)
  A satyr (shapeshifter) (Depths:5)
  18 death scarabs
  12 deep troll earth magi
  7 spriggan berserkers
  4 tengu warriors
  34 dancing weapons
  4 iron golems
  11 naga sharpshooters
  14 vampire magi
  8 shock serpents
  85 sun demons
  A shock serpent (shapeshifter) (Vaults:5)
  6 orc high priests (Orc:2)
  15 titan zombies
  38 hell knights
  49 soul eaters
  18 deep elf knights
  37 shadow wraiths
  6 iron trolls
  159 skeletal warriors
  2 fire crabs (shapeshifter)
  41 sixfirhies
  11 storm dragon skeletons
  9 storm dragon zombies
  15 cherubim (Pan)
  A golden dragon zombie (Crypt:3)
  2 titan skeletons
  34 wretched stars
  14 spatial maelstroms
  20 flayed ghosts
  17 sea snakes
  3 gelid demonspawn
  2 kraken simulacra
  4 salamander mystics
  45 shadow demons
  A swamp dragon (shapeshifter) (Depths:1)
  39 phantasmal warriors
  21 glowing orange brains
  11 unseen horrors
  6 infernal demonspawn
  28 deep trolls
  12 anaconda zombies
  A golden dragon skeleton (Tar:1)
  18 wizards
  3 ghost moth zombies
  2 naga ritualists (Snake:4)
  11 deep elf archers
  16 ironbrand convokers
  2 torturous demonspawn
  An orange crystal statue (Abyss:1)
  11 anaconda skeletons
  6 shadow dragon zombies
  Pikel (D:7)
  6 death drakes
  A lindwurm (shapeshifter) (Vaults:5)
  17 necromancers
  An orb spider (Abyss:3)
  10 frost giant zombies
  20 orc knights
  6 stone giant zombies
  An orb spider (shapeshifter) (Vaults:3)
  20 harpies
  11 iron dragon zombies
  21 worldbinders
  47 deep elf magi
  7 mana vipers
  6 orc sorcerers
  12 wolf spider zombies
  2 mana vipers (shapeshifter)
  4 wolf spiders
  64 ugly things
  17 manticores
  11 salamanders
  10 shadow dragon skeletons
  7 cyclopes
  2 cyclopes (shapeshifter)
  A moth of wrath (shapeshifter) (Abyss:1)
  22 fauns
  3 shining eyes
  10 fire giant zombies
  7 dire elephant zombies
  25 moths of wrath
  12 frost giant skeletons
  25 black mambas
  10 stone giant skeletons
  A shock serpent zombie (Geh:7)
  9 merfolk sirens
  14 elephants
  58 rust devils
  14 vault sentinels
  5 water nymphs
  5 centaur zombies
  10 apocalypse crabs
  8 guardian serpents
  7 iron dragon skeletons
  Psyche (D:8)
  7 fire giant skeletons
  A gargoyle (D:15)
  A torpor snail (Lair:6)
  6 spiny frogs
  An ice statue (Coc:7)
  43 orange demons
  A yellow draconian zombie (Tar:4)
  4 spectral swamp worms (Depths:3)
  Joseph (D:7)
  3 eyes of devastation
  11 molten gargoyles
  32 naga magi
  42 smoke demons
  A guardian serpent (shapeshifter) (Abyss:1)
  A spiny frog (shapeshifter) (Vaults:1)
  4 catoblepas zombies
  34 efreet
  A storm dragon simulacrum (Abyss:3)
  6 shock serpent skeletons
  7 dire elephant skeletons
  An alligator snapping turtle skeleton (Crypt:2)
  4 kobold demonologists (Abyss:2)
  A yaktaur (shapeshifter) (Depths:3)
  27 yaktaurs
  46 hellions
  A grey draconian zombie (Crypt:2)
  40 freezing wraiths
  A komodo dragon (shapeshifter) (Abyss:3)
  A rime drake (Lair:2)
  63 tormentors
  A redback zombie (D:12)
  2 emperor scorpion zombies
  An anaconda simulacrum (Coc:4)
  11 demonic crawlers
  A ghost moth simulacrum (Coc:7)
  6 komodo dragons
  35 ancient zymes
  16 hellwings
  56 ice devils
  33 guardian mummies
  8 silent spectres
  8 trolls
  A catoblepas skeleton (Tar:7)
  23 hydra zombies
  4 harpy zombies
  59 red devils
  5 tengu conjurers
  A queen bee (shapeshifter) (D:15)
  A jumping spider (Vaults:4)
  A tyrant leech (Abyss:1)
  A meliai (shapeshifter) (Abyss:2)
  A jumping spider (shapeshifter) (D:11)
  16 merfolk
  8 hornets
  A troll (shapeshifter) (Vaults:3)
  3 polar bears
  53 slime creatures
  4 harpy skeletons
  3 wolf spider simulacra
  6 wind drakes
  4 snapping turtles
  22 blink frogs
  10 hippogriffs
  15 hydra skeletons
  13 ice dragon zombies
  7 bog bodies (Coc:7)
  6 ettin zombies
  A deep troll zombie (D:15)
  A blink frog (shapeshifter) (Vaults:3)
  82 raiju
  An iron dragon simulacrum (Crypt:2)
  A slime creature (shapeshifter) (Vaults:5)
  10 fire dragon zombies
  A stone giant simulacrum (Abyss:3)
  8 alligator skeletons
  A frost giant simulacrum (Crypt:2)
  A meliai zombie (Crypt:1)
  8 alligator zombies
  3 black mamba zombies
  2 fire giant simulacra
  14 air elementals
  2 spriggan skeletons
  A dire elephant simulacrum (Tar:3)
  4 spriggans
  Sigmund (D:3)
  174 flying skulls
  A tarantella (Vaults:4)
  15 water elementals
  2 vampires
  52 ynoxinuls
  181 starcursed masses
  16 ettin skeletons
  2 spriggans (shapeshifter)
  8 ushabtiu
  3 wyverns
  9 ice dragon skeletons
  2 redbacks (Vaults:4)
  8 fire dragon skeletons
  37 wraiths
  44 shadows
  4 hogs
  2 black mamba skeletons (Geh:7)
  The ghost of puimuR the Digger, an amateur VSEE (D:11)
  A hog (shapeshifter) (Vaults:5)
  12 fire bats
  15 hungry ghosts
  A basilisk (D:12)
  2 golden eyes (shapeshifter)
  46 neqoxecs
  17 yaks
  24 fire elementals
  33 chaos spawn
  11 humans (D:13)
  A basilisk (shapeshifter) (Vaults:2)
  3 steam dragons
  9 golden eyes
  2 vampire mosquitoes (D:9)
  An infernal demonspawn zombie (Geh:7)
  A tyrant leech zombie (Crypt:2)
  Menkaure (D:6)
  117 large abominations
  9 spatial vortices
  11 wargs
  12 spiny frog zombies
  An insubstantial wisp (Abyss:1)
  2 acid dragons
  45 nagas
  4 water moccasins
  2 hydra simulacra (Coc:4)
  8 porcupines
  97 hell hounds
  A merfolk skeleton (Coc:2)
  3 floating eyes
  11 ice beasts
  49 orc warriors
  4 slaves
  9 snapping turtle zombies
  67 small abominations
  4 black bears
  2 fire dragon simulacra (Abyss:3)
  7 swamp dragon zombies
  9 spiny frog skeletons
  6 sky beasts
  A black bear (shapeshifter) (D:11)
  36 ogres
  35 necrophages
  An ettin simulacrum (Abyss:2)
  7 eyes of draining
  An eye of draining (shapeshifter) (Depths:3)
  15 phantoms
  2 alligator simulacra
  4 manticore zombies
  5 wolves
  15 boggarts
  7 snapping turtle skeletons
  13 centaurs
  10 crocodiles
  A manticore skeleton (Crypt:2)
  3 swamp dragon skeletons
  4 big kobolds
  An elf zombie (Tar:3)
  9 bullfrogs
  2 gnoll sergeants
  A spiny frog simulacrum (Coc:4)
  A wyvern zombie (Crypt:1)
  3 earth elementals
  A glowing shapeshifter simulacrum (Depths:4)
  2 human simulacra
  A spriggan zombie (Geh:7)
  4 scorpions
  A troll zombie (Dis:6)
  15 killer bees
  A troll skeleton (Crypt:1)
  2 electric eels
  97 wights
  4 howler monkeys
  21 crimson imps
  6 lava snakes (Snake:4)
  5 quasits
  7 hounds
  5 human zombies
  2 bullfrog zombies
  A bullfrog skeleton (D:7)
  23 orc priests
  5 jellies
  30 orc wizards
  3 iguanas (D:12)
  60 iron imps
  5 centaur skeletons
  7 human skeletons
  A porcupine zombie (Crypt:1)
  10 worker ants
  7 hell rats
  A lightning spire (Abyss:3)
  2 killer bee zombies
  An ogre zombie (Geh:7)
  2 tengu zombies
  A hound zombie (D:5)
  A naga skeleton (Geh:7)
  An ogre skeleton (Pan)
  2 tengu skeletons
  29 mummies
  2 worker ant zombies
  A howler monkey skeleton (D:4)
  A howler monkey zombie (D:6)
  5 gnolls
  9 river rats (Lair:2)
  14 adders
  A tengu simulacrum (Coc:1)
  27 shadow imps
  32 white imps
  11 ufetubi
  An ooze (D:5)
  An adder skeleton (D:5)
  A worm (D:2)
  4 ball lightnings (Pan)
  3 leopard geckos
  123 orcs
  2 ball pythons
  3 giant cockroaches
  2 gnoll zombies (D:4)
  7 goblins
  3 hobgoblins
  3 jackals (D:1)
  9 quokkas
  7 bats
  A dart slug zombie (Crypt:1)
  6 frilled lizards
  A goblin skeleton (Crypt:1)
  13 kobolds
  2 kobold skeletons
  A kobold zombie (Abyss:3)
  A leopard gecko zombie (Crypt:2)
  A quokka skeleton (D:9)
  16 rats
  3 crawling corpses (Elf:3)
  4 fire vortices (Pan)
  A fungus (Lair:5)
  2 lurking horrors
  11 plants
  30 starspawn tentacles
  11 tentacles
6232 creatures vanquished.

Vanquished Creatures (collateral kills)
  A juggernaut (Depths:3)
  2 greater mummies (Tomb:1)
  A doom hound (Tar:3)
  A Tzitzimitl (Tar:3)
  An Ice Fiend (Coc:2)
  A titan (Pan)
  An acid blob (Slime:4)
  A death cob (Zot:5)
  A tentacled starspawn (Abyss:3)
  An ancient champion (Tomb:3)
  Polyphemus (Shoals:3)
  Frances (D:13)
  12 daevas (Pan)
  2 nagarajas
  2 tengu reavers
  A deep elf sorcerer (Vaults:5)
  2 fire giants
  A balrug (Dis:1)
  Aizul (Snake:3)
  3 angels (Pan)
  A spriggan defender (Depths:3)
  A reaper (Hell)
  6 ophanim (Pan)
  A war gargoyle (Crypt:3)
  Nessos (Lair:6)
  A green draconian (Abyss:3)
  A deep elf annihilator (Vaults:3)
  2 merfolk javelineers
  A spark wasp (Depths:1)
  A mummy priest (Tomb:3)
  A merfolk impaler (Depths:4)
  3 ettins
  A deep elf high priest (Depths:3)
  2 yaktaur captains
  A naga warrior (Snake:4)
  3 vault guards
  A merfolk avatar (Shoals:4)
  A rakshasa (D:15)
  5 hydras
  A spriggan air mage (Depths:2)
  A catoblepas (Lair:6)
  A merfolk aquamancer (Shoals:1)
  A ghost crab (WizLab)
  3 two-headed ogres
  17 starcursed masses
  2 alligator snapping turtles
  A deep troll shaman (Lair:6)
  A tengu warrior (Depths:2)
  A hell hog (Abyss:1)
  2 deep troll earth magi (Depths:3)
  4 death yaks (Lair:6)
  A thrashing horror (Abyss:1)
  5 naga sharpshooters
  A shock serpent (WizLab)
  An iron golem (Dis:6)
  A sun demon (Pan)
  Urug (Lair:2)
  A shadow wraith (Vaults:2)
  A deep elf knight (Vaults:2)
  2 sixfirhies (Abyss:1)
  2 glowing orange brains
  3 sea snakes
  A deep troll (Depths:1)
  A shadow demon (Tar:3)
  A naga ritualist (Snake:4)
  A deep elf archer (Vaults:2)
  A necromancer (Crypt:3)
  2 orc knights
  2 wizards
  5 harpies
  An oklob plant (Lair:3)
  7 ugly things
  2 fauns
  A mana viper (Snake:4)
  An orc sorcerer (Orc:2)
  A cyclops (D:14)
  2 deep elf magi
  A merfolk siren (Shoals:2)
  7 elephants
  2 worldbinders
  2 water nymphs (Shoals:4)
  4 black mambas
  2 salamanders
  3 naga magi
  A rust devil (Dis:1)
  A spectral swamp worm (Depths:3)
  4 smoke demons
  3 spiny frogs
  A centaur skeleton (D:14)
  A gargoyle (D:15)
  3 yaktaurs
  2 tormentors
  2 hellwings (Abyss:1)
  A komodo dragon (Lair:1)
  5 red devils
  2 hydra zombies
  An ancient zyme (Abyss:1)
  An efreet (D:14)
  A troll (D:15)
  4 merfolk
  A hornet (Depths:4)
  2 blink frogs
  4 snapping turtles
  3 slime creatures
  5 raiju
  2 hippogriffs
  7 flying skulls
  An elf skeleton (Depths:4)
  2 spriggans
  An air elemental (WizLab)
  22 yaks
  A fire bat (shapeshifter) (Abyss:1)
  3 water elementals
  A wyvern (Lair:6)
  9 humans (D:13)
  A neqoxec (Abyss:3)
  5 basilisks
  6 small abominations
  2 nagas
  A warg (Vaults:2)
  A spatial vortex (Abyss:2)
  2 large abominations
  A floating eye (shapeshifter) (Vaults:4)
  A porcupine (Lair:1)
  3 water moccasins (Lair:6)
  2 hell hounds (Dis:6)
  2 orc warriors
  A sky beast (D:11)
  A phantom (Dis:2)
  4 wolves
  4 ogres
  5 centaurs (D:11)
  5 crocodiles
  2 bullfrogs
  3 wights (Dis:2)
  2 electric eels
  2 jellies
  2 hell rats (Lair:2)
  4 river rats (Lair:2)
  2 adders
  An ufetubus (Abyss:1)
  4 orcs
  A quokka (Lair:2)
  A starspawn tentacle (Abyss:3)
343 creatures vanquished.

Vanquished Creatures (others)
  3 eldritch tentacles
  A vault warden (Vaults:2)
  A stone giant (Vaults:5)
  A war gargoyle (Dis:7)
  A yellow draconian (Zot:3)
  A green death (Pan)
  4 yaktaur captains
  An ice dragon (Coc:7)
  A vault guard (Vaults:2)
  A dancing weapon (Crypt:3)
  A merfolk aquamancer (Shoals:4)
  A shock serpent (WizLab)
  A hell hog (Dis:3)
  A thrashing horror (Abyss:3)
  A death drake (WizLab)
  A naga ritualist (Snake:4)
  A faun (Shoals:3)
  An iron dragon zombie (Geh:7)
  An ugly thing (D:14)
  A frost giant zombie (Coc:4)
  An apocalypse crab (WizLab)
  A frost giant skeleton (Abyss:3)
  An orange demon (Pan)
  12 yaktaurs
  A hellion (Geh:1)
  An ice devil (Tar:3)
  2 red devils (Geh:7)
  A wind drake (WizLab)
  A raiju (Abyss:3)
  A flying skull (Geh:5)
  A water elemental (Coc:2)
  An ettin skeleton (Geh:7)
  4 wraiths
  2 humans (Snake:4)
  A chaos spawn (Abyss:3)
  A neqoxec (Abyss:3)
  A hell hound (Dis:7)
  A spiny frog zombie (Geh:1)
  A sky beast (shapeshifter) (Vaults:5)
  2 small abominations
  A sky beast (D:15)
  An ogre (Vaults:2)
  A wolf (Abyss:3)
  2 centaurs (Depths:3)
  A swamp dragon skeleton (Geh:7)
  5 wights
  A crimson imp (Geh:7)
  2 gnolls (D:9)
  2 shadow imps
  A white imp (Abyss:1)
  11 ball lightnings (Pan)
  A leopard gecko (D:8)
  An orc (Vaults:2)
  A bush (Abyss:1)
  A demonic plant (Abyss:3)
  110 fire vortices
  16 fungi
  2 lurking horrors (Abyss:3)
  30 plants
  56 starspawn tentacles
  29 tentacles
  8 withered plants (D:15)
345 creatures vanquished.

Grand Total: 6920 creatures vanquished

Notes
Turn   | Place    | Note
-------+----------+-------------------------------------------
     0 | D:1      | night the Gnoll Air Elementalist began the quest for the
                  | Orb.
     0 | D:1      | Reached XP level 1. HP: 13/13 MP: 6/6
   422 | D:1      | Reached XP level 2. HP: 19/19 MP: 5/7
   882 | D:2      | Reached skill level 5 in Spellcasting
   882 | D:2      | Reached XP level 3. HP: 25/25 MP: 2/9
  1275 | D:2      | Reached skill level 1 in Invocations
  1436 | D:2      | Reached skill level 1 in Fighting
  1436 | D:2      | Reached skill level 1 in Short Blades
  1436 | D:2      | Reached skill level 1 in Long Blades
  1436 | D:2      | Reached skill level 1 in Axes
  1436 | D:2      | Reached skill level 1 in Maces & Flails
  1436 | D:2      | Reached skill level 1 in Polearms
  1436 | D:2      | Reached skill level 1 in Staves
  1436 | D:2      | Reached skill level 1 in Slings
  1436 | D:2      | Reached skill level 1 in Bows
  1436 | D:2      | Reached skill level 1 in Crossbows
  1436 | D:2      | Reached skill level 1 in Throwing
  1436 | D:2      | Reached skill level 1 in Armour
  1436 | D:2      | Reached skill level 1 in Shields
  1436 | D:2      | Reached skill level 1 in Unarmed Combat
  1436 | D:2      | Reached skill level 1 in Evocations
  1488 | D:2      | Reached XP level 4. HP: 32/32 MP: 9/11
  2116 | D:3      | Found a radiant altar of Vehumet.
  2378 | D:3      | Noticed Sigmund
  2381 | D:3      | Reached skill level 1 in Hexes
  2381 | D:3      | Reached skill level 1 in Charms
  2381 | D:3      | Reached skill level 1 in Summonings
  2381 | D:3      | Reached skill level 1 in Necromancy
  2381 | D:3      | Reached skill level 1 in Translocations
  2381 | D:3      | Reached skill level 1 in Transmutations
  2381 | D:3      | Reached skill level 1 in Fire Magic
  2381 | D:3      | Reached skill level 1 in Ice Magic
  2381 | D:3      | Reached skill level 1 in Earth Magic
  2381 | D:3      | Reached skill level 1 in Poison Magic
  2381 | D:3      | Reached XP level 5. HP: 37/37 MP: 3/12
  2684 | D:2      | Learned a level 2 spell: Swiftness
  2689 | D:2      | Learned a level 4 spell: Airstrike
  2695 | D:3      | Killed Sigmund
  2695 | D:3      | Reached skill level 2 in Invocations
  2695 | D:3      | Reached XP level 6. HP: 39/44 MP: 1/13
  3295 | D:4      | Found a basalt altar of Yredelemnul.
  3369 | D:4      | Reached skill level 5 in Dodging
  3497 | D:4      | Got a twisted mace
  3498 | D:4      | Identified the +6 mace "Inask" {venom, rN+ Str-5 Dex+2}
                  | (You found it on level 4 of the Dungeon)
  3537 | D:4      | Reached XP level 7. HP: 44/50 MP: 8/15
  3967 | D:4      | Got a shimmering dagger
  3968 | D:4      | Identified the +4 dagger of Arbitration {pierce, rPois rF+}
                  | (You found it on level 4 of the Dungeon)
  4017 | D:4      | Reached skill level 5 in Stealth
  4017 | D:4      | Reached skill level 3 in Invocations
  4147 | D:4      | You fall into a shaft and drop 2 floors!
  4211 | D:6      | Found a staircase to the Ecumenical Temple.
  4227 | D:6      | Learned a level 1 spell: Confusing Touch
  4228 | Temple   | Entered the Ecumenical Temple
  4452 | Temple   | Became a worshipper of Cheibriados the Contemplative
  4483 | D:6      | Reached XP level 8. HP: 57/57 MP: 10/16
  4517 | D:5      | Entered Level 5 of the Dungeon
  4908 | D:5      | Learned a level 5 spell: Lightning Bolt
  4951 | D:5      | Found a sacrificial altar of Ru.
  4955 | D:5      | Found an ancient bone altar of Kikubaaqudgha.
  5625 | D:6      | Noticed Menkaure
  5635 | D:6      | Killed Menkaure
  5993 | D:6      | Reached skill level 4 in Invocations
  6029 | D:6      | Reached * piety under Cheibriados
  6088 | D:6      | Reached XP level 9. HP: 45/65 MP: 12/18
  6705 | D:6      | Found a blossoming altar of Fedhas.
  7137 | D:7      | Reached ** piety under Cheibriados
  7702 | D:7      | Reached skill level 5 in Invocations
  7840 | D:8      | Noticed Joseph
  7845 | D:8      | Noticed Pikel
  7970 | D:8      | Found a staircase to the Lair.
  7970 | D:8      | Noticed Psyche
  8053 | D:8      | Noticed Harold
  8063 | D:7      | Reached XP level 10. HP: 51/73 MP: 13/20
  8318 | D:7      | Killed Pikel
  8320 | D:7      | Killed Joseph
  8320 | D:7      | Reached skill level 5 in Fighting
  8320 | D:7      | Reached skill level 5 in Short Blades
  8320 | D:7      | Reached skill level 5 in Long Blades
  8320 | D:7      | Reached skill level 5 in Axes
  8320 | D:7      | Reached skill level 5 in Maces & Flails
  8320 | D:7      | Reached skill level 5 in Polearms
  8320 | D:7      | Reached skill level 5 in Staves
  8320 | D:7      | Reached skill level 5 in Slings
  8320 | D:7      | Reached skill level 5 in Bows
  8320 | D:7      | Reached skill level 5 in Crossbows
  8320 | D:7      | Reached skill level 5 in Throwing
  8320 | D:7      | Reached skill level 5 in Armour
  8320 | D:7      | Reached skill level 5 in Shields
  8320 | D:7      | Reached skill level 5 in Unarmed Combat
  8320 | D:7      | Reached skill level 5 in Evocations
  8461 | D:7      | Reached *** piety under Cheibriados
  8828 | D:7      | Killed Harold
  9040 | D:8      | Killed Psyche
  9040 | D:8      | Reached skill level 5 in Conjurations
  9623 | D:9      | Reached skill level 6 in Invocations
  9655 | D:9      | Found a staircase to the Orcish Mines.
  9991 | D:9      | Reached **** piety under Cheibriados
  9993 | D:9      | Reached XP level 11. HP: 81/81 MP: 1/22
 10343 | D:9      | Found a runed translucent door.
 10560 | D:9      | Reached skill level 5 in Hexes
 10560 | D:9      | Reached skill level 5 in Charms
 10560 | D:9      | Reached skill level 5 in Summonings
 10560 | D:9      | Reached skill level 5 in Necromancy
 10560 | D:9      | Reached skill level 5 in Translocations
 10560 | D:9      | Reached skill level 5 in Transmutations
 10560 | D:9      | Reached skill level 5 in Fire Magic
 10560 | D:9      | Reached skill level 5 in Ice Magic
 10560 | D:9      | Reached skill level 5 in Earth Magic
 10560 | D:9      | Reached skill level 5 in Poison Magic
 10720 | D:9      | Found a sparkling altar of Nemelex Xobeh.
 11025 | D:9      | Found a bloodstained altar of Trog.
 11061 | D:9      | Reached ***** piety under Cheibriados
 11309 | D:9      | Found a hazy altar of Hepliaklqana.
 11309 | D:9      | Found a hide-covered altar of Uskayaw.
 11494 | D:10     | Entered Level 10 of the Dungeon
 11590 | D:10     | Noticed Akransas's ghost (journeyman CeHu)
 11643 | D:10     | Found a roughly hewn altar of Beogh.
 11690 | D:10     | Noticed an ogre mage
 11711 | D:10     | Killed an ogre mage
 11881 | D:10     | Noticed a two-headed ogre
 11887 | D:10     | Killed a two-headed ogre
 11887 | D:10     | Reached skill level 7 in Invocations
 12231 | D:10     | Killed an unseen horror
 12543 | D:10     | Found a runed translucent gate.
 12543 | D:10     | Found a runed translucent gate.
 12543 | D:10     | Found a runed translucent gate.
 12687 | D:10     | Noticed a two-headed ogre
 12700 | D:10     | Killed a two-headed ogre
 12872 | D:10     | Learned a level 4 spell: Summon Ice Beast
 12916 | Lair:1   | Entered Level 1 of the Lair of Beasts
 12984 | Lair:1   | Noticed a four-headed hydra
 12988 | Lair:1   | Reached XP level 12. HP: 89/89 MP: 15/24
 12991 | Lair:1   | Killed a four-headed hydra
 14071 | Lair:1   | Found an iron altar of Okawaru.
 14490 | Lair:2   | Got a scorched leather armour
 14501 | Lair:2   | Identified the cursed +0 leather armour "Jasmeohe" {rPois
                  | rN+ MR-} (You found it on level 2 of the Lair of Beasts)
 14701 | Lair:2   | Reached ****** piety under Cheibriados
 15179 | Lair:2   | Noticed Urug
 15189 | Lair:2   | Killed Urug
 15189 | Lair:2   | Reached skill level 8 in Invocations
 15460 | Lair:2   | Found a staircase to the Shoals.
 17025 | Lair:4   | Found a staircase to the Snake Pit.
 17254 | Lair:4   | Reached XP level 13. HP: 98/98 MP: 19/26
 17723 | Lair:4   | Found an ornate altar of the Wu Jian Council.
 18742 | Lair:5   | Got a faintly glowing scale mail
 18753 | Lair:5   | Identified the +6 scale mail of Fyso Naf {+Blink Int+4}
                  | (You found it on level 5 of the Lair of Beasts)
 18775 | Lair:5   | Found a runed translucent door.
 18778 | Lair:5   | Found a viscous altar of Jiyva.
 18778 | Lair:5   | Noticed an acid blob
 18779 | Lair:5   | Found a staircase to the Slime Pits.
 19432 | Lair:6   | Entered Level 6 of the Lair of Beasts
 19569 | Lair:6   | Reached skill level 9 in Invocations
 19841 | Lair:6   | Noticed Nessos
 19860 | Lair:6   | Killed Nessos
 20415 | Lair:6   | Reached skill level 10 in Spellcasting
 20685 | Lair:6   | Reached XP level 14. HP: 95/106 MP: 20/28
 21060 | Lair:6   | Reached skill level 10 in Dodging
 22400 | D:11     | Reached skill level 10 in Stealth
 22798 | D:11     | Found a runed translucent gate.
 22799 | D:11     | Found a runed translucent gate.
 22800 | D:11     | Found a runed translucent gate.
 22801 | D:11     | Noticed a red very ugly thing
 23140 | D:12     | Found a transporter.
 23153 | D:12     | Found a transporter.
 23153 | D:12     | Noticed Roubeug's ghost (journeyman FeBe)
 23436 | D:12     | Reached skill level 10 in Invocations
 24435 | D:13     | Noticed Frances
 24451 | D:13     | Killed Frances
 24808 | D:13     | Found a gate to the Vaults.
 25446 | D:14     | Noticed Snorg
 25452 | D:14     | Reached XP level 15. HP: 47/114 MP: 23/29
 25453 | D:14     | Killed Snorg
 26920 | D:15     | Entered Level 15 of the Dungeon
 26991 | D:15     | Reached skill level 10 in Air Magic
 27531 | D:15     | Reached skill level 10 in Fighting
 27531 | D:15     | Reached skill level 10 in Short Blades
 27531 | D:15     | Reached skill level 10 in Long Blades
 27531 | D:15     | Reached skill level 10 in Axes
 27531 | D:15     | Reached skill level 10 in Maces & Flails
 27531 | D:15     | Reached skill level 10 in Polearms
 27531 | D:15     | Reached skill level 10 in Staves
 27531 | D:15     | Reached skill level 10 in Slings
 27531 | D:15     | Reached skill level 10 in Bows
 27531 | D:15     | Reached skill level 10 in Crossbows
 27531 | D:15     | Reached skill level 10 in Throwing
 27531 | D:15     | Reached skill level 10 in Armour
 27531 | D:15     | Reached skill level 10 in Shields
 27531 | D:15     | Reached skill level 10 in Unarmed Combat
 27531 | D:15     | Reached skill level 10 in Evocations
 27852 | D:15     | Found a staircase to the Depths.
 28640 | D:15     | Reached skill level 11 in Invocations
 29174 | Orc:1    | Entered Level 1 of the Orcish Mines
 29174 | Orc:1    | Found a roughly hewn altar of Beogh.
 29325 | Orc:1    | Noticed Jorgrun
 29331 | Orc:1    | Killed Jorgrun
 29602 | Orc:1    | You fall into a shaft and drop 1 floor!
 29602 | Orc:2    | Entered Level 2 of the Orcish Mines
 30130 | Orc:2    | Found a staircase to the Elven Halls.
 30696 | Orc:2    | Reached XP level 16. HP: 72/122 MP: 20/31
 30925 | Orc:2    | Found Jatiuxem's Distillery.
 30952 | Orc:2    | Found Alaho's Food Shoppe.
 31433 | Orc:2    | Paralysed by an orc sorcerer for 2 turns
 31795 | Orc:2    | Paralysed by an orc sorcerer for 7 turns
 32308 | Orc:2    | Found Kivveol's Book Shop.
 32308 | Orc:2    | Found a one-way gate leading to the halls of Pandemonium.
 32308 | Orc:2    | Found Sirutri's Antique Weapon Boutique.
 32521 | Orc:2    | Bought a book of Party Tricks for 500 gold pieces
 32521 | Orc:2    | Bought a book of Clouds for 450 gold pieces
 32523 | Orc:2    | Bought a brightly glowing rapier for 216 gold pieces
 32523 | Orc:2    | Identified the cursed +0 rapier of an ossuary {distort,
                  | Dex+3} (You bought it in a shop on level 2 of the Orcish
                  | Mines)
 32538 | Orc:2    | Learned a level 6 spell: Freezing Cloud
 32760 | Snake:1  | Entered Level 1 of the Snake Pit
 35335 | Snake:2  | Found a transporter.
 35342 | Snake:2  | Noticed vinnietd's ghost (adept HaFi)
 35553 | Snake:2  | Found a transporter.
 35556 | Snake:2  | Identified the +12 short sword "Zetritam" {freeze, Dex+6}
 35629 | Snake:2  | Found Ugaza's Antique Armour Shoppe.
 36547 | Snake:2  | Noticed a nagaraja
 36547 | Snake:2  | Noticed a nagaraja
 37015 | Snake:2  | Noticed a nagaraja
 37678 | Snake:2  | Killed a nagaraja
 37828 | Snake:2  | Killed a nagaraja
 37828 | Snake:2  | Reached XP level 17. HP: 59/131 MP: 26/33
 38263 | Snake:3  | Noticed Aizul
 38279 | Snake:3  | Killed Aizul
 38499 | Snake:3  | Learned a level 3 spell: Lesser Beckoning
 38512 | Snake:3  | Reached skill level 12 in Invocations
 39863 | Snake:3  | Found Xipp's Gadget Shoppe.
 40290 | Snake:4  | Entered Level 4 of the Snake Pit
 40294 | Snake:4  | Noticed Kirke
 41313 | Snake:4  | Reached skill level 10 in Conjurations
 43934 | Snake:4  | Reached skill level 10 in Hexes
 43934 | Snake:4  | Reached skill level 10 in Charms
 43934 | Snake:4  | Reached skill level 10 in Summonings
 43934 | Snake:4  | Reached skill level 10 in Necromancy
 43934 | Snake:4  | Reached skill level 10 in Translocations
 43934 | Snake:4  | Reached skill level 10 in Transmutations
 43934 | Snake:4  | Reached skill level 10 in Fire Magic
 43934 | Snake:4  | Reached skill level 10 in Ice Magic
 43934 | Snake:4  | Reached skill level 10 in Earth Magic
 43934 | Snake:4  | Reached skill level 10 in Poison Magic
 44364 | Snake:4  | Reached XP level 18. HP: 127/139 MP: 28/34
 44825 | Snake:4  | HP: 6/139 [poisoned by a nagaraja (splash of poison)]
 44830 | Snake:4  | HP: 4/139 [poisoned by a nagaraja (splash of poison)]
 44835 | Snake:4  | HP: 3/139 [poisoned by a nagaraja (splash of poison)]
 44842 | Snake:4  | HP: 4/139 [poisoned by a nagaraja (splash of poison)]
 44848 | Snake:4  | HP: 5/139 [poisoned by a nagaraja (splash of poison)]
 44854 | Snake:4  | HP: 6/139 [poisoned by a nagaraja (splash of poison)]
 45280 | Snake:4  | Killed Kirke
 46534 | Snake:4  | Got a serpentine rune of Zot
 46940 | Shoals:1 | Entered Level 1 of the Shoals
 47889 | Shoals:1 | Found a large runed translucent door.
 47889 | Shoals:1 | Found a large runed translucent door.
 47897 | Shoals:1 | Noticed Jafont's ghost (journeyman HOFE)
 47920 | Shoals:1 | Killed Jafont's ghost
 48069 | Shoals:1 | Reached skill level 13 in Invocations
 49331 | Shoals:2 | Noticed Ilsuiw
 49351 | Shoals:2 | Killed Ilsuiw
 51087 | Shoals:3 | Noticed Polyphemus
 51103 | Shoals:3 | Killed Polyphemus
 51915 | Shoals:3 | Reached XP level 19. HP: 147/147 MP: 1/36
 52088 | Shoals:4 | Entered Level 4 of the Shoals
 52422 | Shoals:4 | Identified the +4 rapier "Jiaq" {pierce, -Tele rC+ MR+
                  | Stlth+}
 52989 | Shoals:4 | HP: 7/147 [merfolk javelineer/javelin (9)]
 53539 | Shoals:4 | Identified the +1 buckler of Abstinence {rF- rC+++ rCorr
                  | Str-3}
 54005 | Shoals:4 | Got a barnacled rune of Zot
 54401 | Shoals:4 | Found a runed translucent door.
 54401 | Shoals:4 | Noticed Wecaes's ghost (journeyman HOFE)
 54426 | Shoals:4 | Killed Wecaes's ghost
 55433 | Vaults:1 | Entered Level 1 of the Vaults
 55822 | Vaults:1 | Found a radiant altar of Vehumet.
 55967 | Vaults:1 | Got an ominously black robe
 55978 | Vaults:1 | Identified the +1 robe of Tartarus {rC+ Str+7} (You found
                  | it on level 1 of the Vaults)
 56004 | Vaults:1 | Got a creamy pearl robe
 56015 | Vaults:1 | Identified the +0 robe of the Orcish Mines {rF+ rC++} (You
                  | found it on level 1 of the Vaults)
 57033 | Vaults:1 | Reached XP level 20. HP: 155/155 MP: 37/37
 57256 | Vaults:1 | Reached skill level 14 in Invocations
 57956 | Vaults:1 | Found Ruixobruzul's Magic Scroll Shoppe.
 57964 | Vaults:1 | Bought a scroll of fog for 32 gold pieces
 57964 | Vaults:1 | Bought a scroll of fog for 32 gold pieces
 58573 | Vaults:2 | Noticed Boris
 59029 | Vaults:2 | Gained mutation: You tend to lose your temper in combat. [a
                  | neqoxec]
 59036 | Vaults:2 | Found Luh Ugg's Antique Armour Shop.
 59231 | Vaults:2 | Noticed Nikola
 59249 | Vaults:2 | Killed Nikola
 59672 | Vaults:2 | Learned a level 7 spell: Orb of Destruction
 59876 | Vaults:2 | Killed Boris
 60365 | Vaults:2 | Paralysed by an ogre mage for 4 turns
 62721 | Shoals:2 | Lost mutation: You tend to lose your temper in combat.
                  | [potion of mutation]
 62721 | Shoals:2 | Gained mutation: You are partially covered in large bone
                  | plates. (SH +4) [potion of mutation]
 62721 | Shoals:2 | Gained mutation: Your magical capacity is low. (-10% MP)
                  | [potion of mutation]
 62721 | Shoals:2 | Gained mutation: You are partially covered in thin metallic
                  | scales. (AC +2) [potion of mutation]
 62721 | Shoals:2 | Gained mutation: Your spells are a little harder to cast,
                  | but a little more powerful. [potion of mutation]
 63057 | Vaults:2 | Identified a scroll of acquirement
 63196 | Vaults:2 | Lost mutation: Your magical capacity is low. (-10% MP)
                  | [potion of mutation]
 63196 | Vaults:2 | Lost mutation: You are partially covered in thin metallic
                  | scales. (AC +2) [potion of mutation]
 63196 | Vaults:2 | Gained mutation: You can translocate small distances at
                  | will. [potion of mutation]
 63196 | Vaults:2 | Gained mutation: Your mind is acute. (Int +2) [potion of
                  | mutation]
 63196 | Vaults:2 | Gained mutation: Your spells are harder to cast, but more
                  | powerful. [potion of mutation]
 63205 | Vaults:3 | Reached XP level 21. HP: 163/163 MP: 24/39
 63620 | Vaults:3 | Found Xiossy's Gadget Shop.
 63629 | Vaults:3 | Bought a crystal ball of energy for 360 gold pieces
 63941 | Vaults:3 | Found a staircase to the Crypt.
 66267 | Vaults:4 | Reached skill level 15 in Invocations
 66538 | Vaults:4 | Noticed Donald
 66547 | Vaults:4 | Killed Donald
 67101 | Vaults:4 | Upgraded the game from 0.24.0-10-g970556be89 to
                  | 0.24.0-13-gcf9b3192b9
 67289 | Depths:1 | Entered Level 1 of the Depths
 67352 | Depths:1 | Paralysed by an ogre mage for 7 turns
 67399 | Depths:1 | Found a gateway to Hell.
 67932 | Depths:1 | Reached XP level 22. HP: 169/172 MP: 21/40
 68605 | Depths:1 | Found a glowing golden altar of the Shining One.
 69886 | Depths:2 | Identified the +6 lajatang "Giantbane" {freeze, rElec}
 69890 | Depths:2 | Noticed Niyzxuen's ghost (adept MiBe)
 69891 | Depths:2 | Identified the cursed +1 morningstar of Tenacity {freeze,
                  | Str+2}
 69965 | Depths:2 | Noticed a juggernaut
 70164 | Depths:2 | Reached skill level 15 in Spellcasting
 70825 | Depths:2 | Found a bloodstained altar of Trog.
 70830 | Depths:2 | Found a transporter.
 70838 | Depths:2 | Found a transporter.
 71173 | Depths:3 | Reached skill level 15 in Dodging
 71474 | Depths:3 | Found a gateway to a ziggurat.
 71489 | Depths:3 | Noticed the Enchantress
 71495 | Depths:3 | Killed the Enchantress
 71501 | Depths:3 | Reached skill level 15 in Stealth
 71802 | Depths:3 | Learned a level 7 spell: Spellforged Servitor
 72655 | Depths:3 | Found a one-way gate to the infinite horrors of the Abyss.
 72783 | Depths:3 | Reached XP level 23. HP: 33/179 MP: 25/42
 72886 | Depths:3 | Noticed a juggernaut
 73629 | Depths:3 | Killed a juggernaut
 73998 | Depths:4 | Noticed Frederick
 74008 | Depths:4 | Killed Frederick
 74571 | Depths:4 | Reached skill level 16 in Invocations
 75005 | Depths:4 | Found Rizxuneb's Food Emporium.
 75098 | Depths:4 | You fall into a shaft and drop 1 floor!
 75098 | Depths:5 | Entered Level 5 of the Depths
 75720 | Depths:5 | Reached skill level 15 in Fighting
 75720 | Depths:5 | Reached skill level 15 in Short Blades
 75720 | Depths:5 | Reached skill level 15 in Long Blades
 75720 | Depths:5 | Reached skill level 15 in Axes
 75720 | Depths:5 | Reached skill level 15 in Maces & Flails
 75720 | Depths:5 | Reached skill level 15 in Polearms
 75720 | Depths:5 | Reached skill level 15 in Staves
 75720 | Depths:5 | Reached skill level 15 in Slings
 75720 | Depths:5 | Reached skill level 15 in Bows
 75720 | Depths:5 | Reached skill level 15 in Crossbows
 75720 | Depths:5 | Reached skill level 15 in Throwing
 75720 | Depths:5 | Reached skill level 15 in Armour
 75720 | Depths:5 | Reached skill level 15 in Shields
 75720 | Depths:5 | Reached skill level 15 in Unarmed Combat
 75720 | Depths:5 | Reached skill level 15 in Evocations
 76355 | Depths:5 | Found a gate to the Realm of Zot.
 76427 | Depths:5 | Found a white marble altar of Elyvilon.
 76428 | Depths:5 | Found a sparkling altar of Nemelex Xobeh.
 76429 | Depths:5 | Found a shadowy altar of Dithmenos.
 76485 | Depths:5 | Noticed Boris
 76495 | Depths:5 | Killed Boris
 76720 | Depths:5 | Noticed a golden dragon
 76746 | Depths:5 | Killed a golden dragon
 77307 | Depths:5 | Noticed a caustic shrike
 77307 | Depths:5 | Noticed a juggernaut
 77315 | Depths:5 | Killed a caustic shrike
 77328 | Depths:5 | Killed a juggernaut
 77328 | Depths:5 | Reached XP level 24. HP: 23/189 MP: 23/42
 77930 | Depths:5 | Cast into level 2 of the Abyss (a deep elf demonologist)
 78412 | Abyss:2  | Found a corrupted altar of Lugonu.
 79842 | Abyss:3  | Found a corrupted altar of Lugonu.
 80084 | Abyss:3  | Lost mutation: Your mind is acute. (Int +2) [a neqoxec]
 80383 | Abyss:3  | Found a corrupted altar of Lugonu.
 82412 | Abyss:3  | Gained mutation: You tend to lose your temper in combat. [a
                  | neqoxec]
 82430 | Abyss:3  | Lost mutation: Your spells are harder to cast, but more
                  | powerful. [potion of mutation]
 82430 | Abyss:3  | Lost mutation: Your spells are a little harder to cast, but
                  | a little more powerful. [potion of mutation]
 82430 | Abyss:3  | Lost mutation: You tend to lose your temper in combat.
                  | [potion of mutation]
 82430 | Abyss:3  | Gained mutation: You possess an exceptional clarity of
                  | mind. [potion of mutation]
 82436 | Abyss:3  | Reached skill level 17 in Invocations
 82480 | Abyss:3  | Paralysed by accursed screaming for 1 turns
 82511 | Abyss:3  | Learned a level 3 spell: Regeneration
 82842 | Abyss:3  | Paralysed by accursed screaming for 1 turns
 82859 | Abyss:3  | Reached XP level 25. HP: 61/197 MP: 24/43
 83116 | Abyss:3  | Paralysed by a lich for 3 turns
 83218 | Depths:5 | Escaped the Abyss
 84955 | Depths:5 | Identified the +6 long sword of the Penguin {flame, *Rage
                  | rPois Str+5 Int+4}
 85193 | Depths:5 | Noticed a juggernaut
 85223 | Depths:5 | Killed a juggernaut
 85724 | Crypt:1  | Entered Level 1 of the Crypt
 85739 | Crypt:1  | Noticed Mennas
 85805 | Crypt:1  | Killed Mennas
 86209 | Crypt:1  | Noticed Boris
 86229 | Crypt:1  | Killed Boris
 87160 | Crypt:2  | Found a magical portal.
 88166 | WizLab   | Reached XP level 26. HP: 93/206 MP: 1/43
 88433 | WizLab   | Identified the Almanac of Air
 88446 | WizLab   | Got a glittering steel ring
 88620 | Crypt:2  | Got a fine dire flail
 89294 | Vaults:2 | Bought pearl dragon scales for 3400 gold pieces
 90462 | Crypt:2  | Reached skill level 15 in Air Magic
 90468 | Crypt:2  | Found a runed translucent door.
 90469 | Crypt:2  | Noticed Hynnuzim's ghost (veteran CeHu)
 90545 | Crypt:2  | Noticed Boris
 90551 | Crypt:2  | Cast into level 3 of the Abyss (a lich)
 90555 | Abyss:3  | Found a basalt altar of Yredelemnul.
 90592 | Abyss:3  | Gained mutation: Your body sometimes deteriorates upon
                  | taking damage. [a cacodemon]
 90673 | Abyss:3  | Paralysed by accursed screaming for 1 turns
 90750 | Abyss:3  | Paralysed by accursed screaming for 1 turns
 90977 | Abyss:3  | Gained mutation: Your body often deteriorates upon taking
                  | damage. [a neqoxec]
 90979 | Abyss:3  | Gained mutation: You are agile. (Dex +2) [a neqoxec]
 90981 | Abyss:3  | Lost mutation: You are agile. (Dex +2) [a neqoxec]
 91622 | Abyss:3  | Gained mutation: Your muscles are strong. (Str +2) [a
                  | neqoxec]
 91958 | Abyss:3  | Found a corrupted altar of Lugonu.
 92089 | Abyss:3  | Got an abyssal rune of Zot
 92110 | Abyss:3  | Noticed an ancient lich
 92140 | Abyss:3  | Found a corrupted altar of Lugonu.
 92459 | Abyss:3  | Reached skill level 18 in Invocations
 92643 | Abyss:3  | Paralysed by accursed screaming for 1 turns
 92652 | Abyss:3  | Paralysed by accursed screaming for 1 turns
 92793 | Crypt:2  | Escaped the Abyss
 92799 | Crypt:2  | Killed Boris
 93609 | Crypt:2  | Identified the ring "Nukith" {rC++ rN+ MR+} (You found it
                  | in a wizard's laboratory)
 93864 | Crypt:3  | Entered Level 3 of the Crypt
 93942 | Crypt:3  | Noticed Sojobo
 93968 | Crypt:3  | Killed Sojobo
 94686 | Crypt:3  | Reached XP level 27. HP: 137/213 MP: 40/44
 94794 | Crypt:3  | Noticed an ancient lich
 94804 | Crypt:3  | Killed an ancient lich
 94899 | Crypt:3  | Found a basalt altar of Yredelemnul.
 94904 | Crypt:3  | Found a staircase to the Tomb.
 96201 | Vaults:5 | Entered Level 5 of the Vaults
 96201 | Vaults:5 | Noticed an ancient lich
 96258 | Vaults:5 | Gained mutation: You are frail. (-10% HP) [a shining eye]
 96266 | Vaults:5 | Gained mutation: Your mind is acute. (Int +2) [a shining
                  | eye]
 96281 | Vaults:5 | Reached skill level 15 in Conjurations
 96808 | Vaults:5 | Reached skill level 15 in Hexes
 96808 | Vaults:5 | Reached skill level 15 in Charms
 96808 | Vaults:5 | Reached skill level 15 in Summonings
 96808 | Vaults:5 | Reached skill level 15 in Necromancy
 96808 | Vaults:5 | Reached skill level 15 in Translocations
 96808 | Vaults:5 | Reached skill level 15 in Transmutations
 96808 | Vaults:5 | Reached skill level 15 in Fire Magic
 96808 | Vaults:5 | Reached skill level 15 in Ice Magic
 96808 | Vaults:5 | Reached skill level 15 in Earth Magic
 96808 | Vaults:5 | Reached skill level 15 in Poison Magic
 96877 | Vaults:5 | Identified the amulet "Hirutryz" {Reflect rElec rPois rF+++
                  | Dex-5 SH+2}
 97286 | Vaults:5 | Found Esas's Gadget Boutique.
 97297 | Vaults:5 | Found Munkegh's Gadget Shoppe.
 97466 | Vaults:5 | Killed an ancient lich
 97841 | Vaults:5 | Got a silver rune of Zot
 97954 | Vaults:5 | Reached skill level 19 in Invocations
 97972 | Vaults:5 | Noticed Mara
 98179 | Vaults:5 | Killed Mara
 98958 | Vaults:5 | Identified a +0 pair of boots of running (You found it on
                  | level 5 of the Vaults)
 99415 | Vaults:5 | Learned a level 8 spell: Death's Door
 99653 | Hell     | Entered the Vestibule of Hell
 99653 | Hell     | Noticed Geryon
 99708 | Hell     | Killed Geryon
101804 | Hell     | Found a gateway to the Iron City of Dis.
101871 | Hell     | Found a gateway to the freezing wastes of Cocytus.
102086 | Hell     | Found a gateway to the decaying netherworld of Tartarus.
102256 | Hell     | Found a gateway to the ashen valley of Gehenna.
102512 | Geh:1    | Entered Level 1 of Gehenna
102576 | Coc:1    | Entered Level 1 of Cocytus
102941 | Coc:1    | Learned a level 7 spell: Haunt
103827 | Coc:4    | Lost mutation: Your mind is acute. (Int +2) [mutagenic
                  | glow]
103879 | Coc:4    | Gained mutation: You are very frail. (-20% HP) [mutagenic
                  | glow]
104850 | Vaults:2 | Lost mutation: You are very frail. (-20% HP) [potion of
                  | mutation]
104850 | Vaults:2 | Lost mutation: Your muscles are strong. (Str +2) [potion of
                  | mutation]
104850 | Vaults:2 | Gained mutation: You expend magic power (3 MP) to
                  | strengthen your wands. [potion of mutation]
104850 | Vaults:2 | Gained mutation: You have a pair of small antennae on your
                  | head. [potion of mutation]
104851 | Vaults:2 | Lost mutation: You possess an exceptional clarity of mind.
                  | [potion of mutation]
104851 | Vaults:2 | Lost mutation: You can translocate small distances at will.
                  | [potion of mutation]
104851 | Vaults:2 | Lost mutation: You are frail. (-10% HP) [potion of
                  | mutation]
104851 | Vaults:2 | Gained mutation: You are dopey. (Int -2) [potion of
                  | mutation]
104851 | Vaults:2 | Gained mutation: You are partially covered in icy blue
                  | scales. (AC +2) [potion of mutation]
104852 | Vaults:2 | Lost mutation: You have a pair of small antennae on your
                  | head. [potion of mutation]
104852 | Vaults:2 | Lost mutation: You are dopey. (Int -2) [potion of mutation]
104852 | Vaults:2 | Lost mutation: Your body often deteriorates upon taking
                  | damage. [potion of mutation]
104852 | Vaults:2 | Gained mutation: Your natural rate of healing is unusually
                  | fast. [potion of mutation]
104852 | Vaults:2 | Gained mutation: You evolve. [potion of mutation]
105157 | Zot:1    | Entered Level 1 of the Realm of Zot
106070 | Depths:5 | Gained mutation: Potions are less effective at restoring
                  | your health. [evolution]
106770 | Zot:1    | Reached skill level 20 in Invocations
106895 | Zot:1    | Noticed an orb of fire
106904 | Zot:1    | Gained mutation: You are weak. (Str -2) [an orb of fire]
106912 | Zot:1    | Killed an orb of fire
106930 | Zot:1    | Paralysed by a floating eye for 4 turns
109419 | Zot:3    | Got a brightly glowing dagger
109420 | Zot:3    | Identified the cursed +2 dagger "Demonslayer" {pierce, rF+}
                  | (You found it on level 3 of the Realm of Zot)
110725 | Zot:4    | Got a smoking scythe
111580 | Zot:5    | Entered Level 5 of the Realm of Zot
111785 | Zot:5    | Noticed an orb of fire
111797 | Zot:5    | Gained mutation: You are frail. (-10% HP) [an orb of fire]
112189 | Zot:5    | Noticed an ancient lich
112195 | Zot:5    | Killed an ancient lich
112232 | Zot:5    | Noticed an orb of fire
112233 | Zot:5    | Gained mutation: You are very frail. (-20% HP) [an orb of
                  | fire]
112235 | Zot:5    | Gained mutation: You tend to lose your temper in combat.
                  | [an orb of fire]
112242 | Zot:5    | Noticed an ancient lich
112242 | Zot:5    | Gained mutation: Scrolls take you a little longer to read.
                  | [an orb of fire]
112278 | Zot:5    | Killed an ancient lich
112296 | Zot:5    | Noticed an ancient lich
112307 | Zot:5    | Killed an ancient lich
112339 | Zot:5    | Killed an orb of fire
112523 | Zot:5    | Found the +6 shillelagh "Devastator" {shatter}
112765 | Zot:5    | Noticed an ancient lich
112768 | Zot:5    | Noticed an orb of fire
112769 | Zot:5    | Gained mutation: Your spells are a little easier to cast,
                  | but a little less powerful. [an orb of fire]
112773 | Zot:5    | Noticed an ancient lich
112773 | Zot:5    | Noticed an orb of fire
112775 | Zot:5    | Noticed an ancient lich
112775 | Zot:5    | Gained mutation: Your body often deteriorates upon taking
                  | damage. [an orb of fire]
112844 | Zot:5    | Killed an ancient lich
112844 | Zot:5    | Reached skill level 21 in Invocations
112956 | Zot:5    | Gained mutation: Your movements are slightly less
                  | encumbered by armour. (ER -2) [evolution]
113108 | Zot:5    | Killed an ancient lich
113296 | Zot:5    | Gained mutation: You occasionally shout uncontrollably at
                  | your foes. [an orb of fire]
113298 | Zot:5    | Killed an orb of fire
113436 | Zot:5    | Noticed an ancient lich
113442 | Zot:5    | Killed an ancient lich
113716 | Zot:5    | Noticed an ancient lich
113731 | Zot:5    | Killed an ancient lich
113736 | Zot:5    | Killed an ancient lich
113995 | Zot:5    | Gained mutation: You are occasionally teleported next to
                  | monsters. [an orb of fire]
113998 | Zot:5    | Gained mutation: You are clumsy. (Dex -2) [an orb of fire]
114001 | Zot:5    | Killed an orb of fire
114592 | D:11     | Found a runed translucent gate.
114592 | D:11     | Found a runed translucent gate.
114595 | D:11     | Found a runed translucent gate.
114595 | D:11     | Noticed puimuR's ghost (amateur VSEE)
114600 | D:11     | Lost mutation: You occasionally shout uncontrollably at
                  | your foes. [potion of mutation]
114600 | D:11     | Lost mutation: You are weak. (Str -2) [potion of mutation]
114600 | D:11     | Lost mutation: You expend magic power (3 MP) to strengthen
                  | your wands. [potion of mutation]
114600 | D:11     | Lost mutation: You are clumsy. (Dex -2) [potion of
                  | mutation]
114600 | D:11     | Gained mutation: Your muscles are strong. (Str +2) [potion
                  | of mutation]
114623 | D:11     | Killed puimuR's ghost
114663 | D:11     | Lost mutation: Your spells are a little easier to cast, but
                  | a little less powerful. [mutagenic glow]
114863 | D:11     | Lost mutation: Scrolls take you a little longer to read.
                  | [potion of mutation]
114863 | D:11     | Lost mutation: You tend to lose your temper in combat.
                  | [potion of mutation]
114863 | D:11     | Lost mutation: You are very frail. (-20% HP) [potion of
                  | mutation]
114863 | D:11     | Gained mutation: You have an increased reservoir of magic.
                  | (+10% MP) [potion of mutation]
114863 | D:11     | Gained mutation: You have large cloven feet. [potion of
                  | mutation]
114864 | D:11     | Lost mutation: Your body often deteriorates upon taking
                  | damage. [potion of mutation]
114864 | D:11     | Lost mutation: You are frail. (-10% HP) [potion of
                  | mutation]
114864 | D:11     | Lost mutation: Potions are less effective at restoring your
                  | health. [potion of mutation]
114864 | D:11     | Gained mutation: You have hoof-like feet. [potion of
                  | mutation]
114864 | D:11     | Gained mutation: You have a pair of small antennae on your
                  | head. [potion of mutation]
115060 | Hell     | Learned a level 8 spell: Necromutation
115085 | Tar:1    | Entered Level 1 of Tartarus
115146 | Tar:1    | Learned a level 2 spell: Sublimation of Blood
115889 | Geh:2    | You fall into a shaft and drop 1 floor!
117094 | Geh:7    | Entered Level 7 of Gehenna
117982 | D:12     | Gained mutation: Your muscles are very strong. (Str +4)
                  | [evolution]
118079 | Elf:1    | Entered Level 1 of the Elven Halls
118113 | Elf:1    | Found Ponix's Gadget Shop.
118159 | Elf:1    | Noticed Agnes
118174 | Elf:1    | Killed Agnes
118185 | Elf:1    | Reached skill level 22 in Invocations
118433 | Elf:1    | Found Kercho's Distillery.
118811 | Elf:2    | Found Wapiakhliha's Assorted Antiques.
118811 | Elf:2    | Found Modua's General Store.
118815 | Elf:2    | Found a runed translucent door.
118861 | Elf:2    | Found a runed translucent door.
119346 | Elf:2    | Found Xeapiuh's Antique Weapon Shoppe.
119349 | Elf:2    | Found Jachaud's Magic Scroll Shoppe.
119387 | Elf:2    | Identified the +2 flail of the Endless Expanse {crush,
                  | -Tele rElec Dex+5}
119815 | Elf:3    | Entered Level 3 of the Elven Halls
119957 | Elf:3    | Identified the ring of Avomekou {rN+ rCorr}
120278 | Elf:3    | Identified the Grimoire of Enchanting Creation
120381 | Elf:3    | Found Fiobrugobe's Weapon Boutique.
120414 | Elf:3    | Noticed Roxanne
120438 | Elf:3    | Killed Roxanne
121041 | Elf:3    | Lost mutation: You have hoof-like feet. [potion of
                  | mutation]
121041 | Elf:3    | Lost mutation: You are occasionally teleported next to
                  | monsters. [potion of mutation]
121041 | Elf:3    | Lost mutation: You are partially covered in large bone
                  | plates. (SH +4) [potion of mutation]
121041 | Elf:3    | Lost mutation: You evolve. [potion of mutation]
121041 | Elf:3    | Lost mutation: You have large cloven feet. [potion of
                  | mutation]
121041 | Elf:3    | Gained mutation: You are partially covered in iridescent
                  | scales. (AC +2) [potion of mutation]
121115 | Elf:2    | Bought a scroll of enchant armour for 120 gold pieces
121115 | Elf:2    | Bought a scroll of enchant armour for 120 gold pieces
121148 | Elf:1    | Bought a potion of cancellation for 96 gold pieces
121148 | Elf:1    | Bought a potion of might for 48 gold pieces
121148 | Elf:1    | Bought 2 potions of agility for 96 gold pieces
121148 | Elf:1    | Bought 2 potions of brilliance for 96 gold pieces
121148 | Elf:1    | Bought a potion of heal wounds for 60 gold pieces
121148 | Elf:1    | Bought a potion of brilliance for 48 gold pieces
121148 | Elf:1    | Bought a potion of brilliance for 48 gold pieces
121148 | Elf:1    | Bought a potion of curing for 36 gold pieces
121444 | Geh:2    | You fall into a shaft and drop 2 floors!
122167 | Geh:7    | Identified the +2 hand axe of Gaegg {antimagic, rF+ Str+4}
122546 | Geh:7    | Identified the cursed +0 robe of Nepy {rF+ rC+ SInv}
122808 | Geh:7    | Identified the ring "Rixuff" {rElec rN+ Str+2 Dex+3}
123077 | Geh:7    | Identified a +2 pair of boots of running (You found it on
                  | level 7 of Gehenna)
123148 | Geh:7    | Identified the +7 sceptre of Asmodeus
123148 | Geh:7    | Noticed Asmodeus
123173 | Geh:7    | Killed Asmodeus
123342 | Geh:7    | Got an obsidian rune of Zot
126079 | Tar:4    | Reached skill level 23 in Invocations
126808 | Tar:5    | Noticed an ancient lich
126815 | Tar:5    | Killed an ancient lich
128079 | Tar:7    | Entered Level 7 of Tartarus
128372 | Tar:7    | Lost mutation: Your natural rate of healing is unusually
                  | fast. [mutagenic glow]
128841 | Tar:7    | Found the +9 staff of Olgreb {rPois}
128894 | Tar:7    | Got an ancient war axe
128895 | Tar:7    | Identified the +11 war axe "Qieg" {flame, rF- Int+3 Dex+4}
                  | (You found it on level 7 of Tartarus)
128907 | Tar:7    | Identified the Guide on Ashen Evil Magic
130336 | Tar:7    | Reached skill level 24 in Invocations
130501 | Tar:7    | Noticed Ereshkigal
130519 | Tar:7    | Killed Ereshkigal
130542 | Tar:7    | Got a bone rune of Zot
131396 | Dis:1    | Entered Level 1 of the Iron City of Dis
131543 | Dis:1    | Learned a level 7 spell: Summon Hydra
132398 | Dis:3    | You fall into a shaft and drop 3 floors!
133332 | Dis:7    | Entered Level 7 of the Iron City of Dis
134703 | Dis:7    | Gained mutation: Your body often deteriorates upon taking
                  | damage. [mutagenic glow]
135151 | Dis:7    | Identified the +8 dire flail "Cixziupt" {pain, rN+++ Str-4
                  | Int+7} (You found it on level 7 of the Iron City of Dis)
135610 | Dis:7    | Identified the +4 staff of Dispater
135610 | Dis:7    | Noticed Dispater
135987 | Dis:7    | Killed Dispater
136043 | Dis:7    | Got an iron rune of Zot
136269 | Dis:7    | Gained mutation: You are clumsy. (Dex -2) [a cacodemon]
137658 | Coc:7    | Entered Level 7 of Cocytus
138026 | Coc:7    | Reached skill level 25 in Invocations
138436 | Coc:7    | Got a sapphire shortbow
138442 | Coc:7    | Identified the +1 shortbow "Jellybane" {venom, MR- Dex+7}
                  | (You found it on level 7 of Cocytus)
138995 | Coc:7    | Identified the +9 trident of Desperation {freeze, +Rage
                  | +Fly rElec}
139074 | Coc:7    | Noticed Antaeus
139114 | Coc:7    | Killed Antaeus
139149 | Coc:7    | Got an icy rune of Zot
139389 | Coc:7    | Gained mutation: You are very clumsy. (Dex -4) [mutagenic
                  | glow]
139406 | Coc:7    | Lost mutation: You have an increased reservoir of magic.
                  | (+10% MP) [mutagenic glow]
139823 | Slime:1  | Entered Level 1 of the Pits of Slime
139933 | Slime:2  | Paralysed by a floating eye for 3 turns
140348 | Slime:4  | Gained mutation: Scrolls take you a little longer to read.
                  | [a shining eye]
140560 | Slime:5  | Entered Level 5 of the Pits of Slime
140702 | Slime:5  | Noticed the Royal Jelly
140720 | Slime:5  | Killed the Royal Jelly
141120 | Slime:5  | Got a slimy rune of Zot
141581 | Shoals:3 | Learned a level 1 spell: Summon Butterflies
141591 | Shoals:3 | Learned a level 9 spell: Fire Storm
141601 | Shoals:3 | Learned a level 9 spell: Shatter
141821 | Pan      | Entered Pandemonium
141849 | Pan      | Lost mutation: Your muscles are very strong. (Str +4) [a
                  | neqoxec]
141923 | Pan      | Noticed Woithogi the pandemonium lord
141930 | Pan      | Killed Woithogi the pandemonium lord
142644 | Pan      | Noticed Ewki the pandemonium lord
142652 | Pan      | Killed Ewki the pandemonium lord
142872 | Pan      | Got jewelled storm dragon scales
142878 | Pan      | Identified the +4 storm dragon scales of Spite {rElec rC-
                  | rCorr Int+8 Slay+2} (You found it in Pandemonium)
143011 | Pan      | Gained mutation: You have an uncontrollable temper. [a
                  | cacodemon]
143292 | Pan      | Found an exit through the horrors of the Abyss.
143296 | Pan      | Entered the realm of Cerebov.
144186 | Pan      | Identified the +4 glaive "Efoepy" {flame, rF- rN+++ MP-9
                  | Int+5}
144186 | Pan      | Identified the ring "Lucwuwei" {Fire MR+ Int-2 SInv Stlth+}
144745 | Pan      | Identified the +8 quarterstaff "Ziurant" {flame, rF+ MP+9}
144745 | Pan      | Identified the ring "Wypiytat" {+Blink rC+ rCorr}
145371 | Pan      | Identified the +6 sword of Cerebov {flame}
145371 | Pan      | Noticed Cerebov
145453 | Pan      | Killed Cerebov
146022 | Pan      | Identified Ovioh's Catalogue of Protection and Shape
                  | Shifting
146032 | Pan      | Got a pair of polished gloves
146038 | Pan      | Identified the +1 pair of gloves of Kenwyc {rPois rN+
                  | Str-5} (You found it in Pandemonium)
146082 | Pan      | Got an ichor-stained mace
146083 | Pan      | Identified the +6 mace "Kojyos" {crush, +Rage Stlth+} (You
                  | found it in Pandemonium)
146150 | Pan      | Identified the Volume of Conjuration
146218 | Pan      | Got a fiery rune of Zot
146514 | Pan      | Reached skill level 26 in Invocations
146541 | Pan      | Gained mutation: Your spells are a little easier to cast,
                  | but a little less powerful. [a cacodemon]
146657 | Pan      | Noticed Xenihidgh the pandemonium lord
146691 | Pan      | Killed Xenihidgh the pandemonium lord
147170 | Pan      | Lost mutation: You have a pair of small antennae on your
                  | head. [potion of mutation]
147170 | Pan      | Lost mutation: Your muscles are strong. (Str +2) [potion of
                  | mutation]
147170 | Pan      | Gained mutation: You are weak. (Str -2) [potion of
                  | mutation]
147170 | Pan      | Gained mutation: You are somewhat resistant to further
                  | mutation. [potion of mutation]
147171 | Pan      | Lost mutation: Your movements are slightly less encumbered
                  | by armour. (ER -2) [potion of mutation]
147171 | Pan      | Lost mutation: You tend to lose your temper in combat.
                  | [potion of mutation]
147171 | Pan      | Lost mutation: Scrolls take you a little longer to read.
                  | [potion of mutation]
147171 | Pan      | Gained mutation: You are somewhat resistant to both further
                  | mutation and mutation removal. [potion of mutation]
147565 | Pan      | Identified the +8 plate armour "Qearchab" {+Fly rC- MP+9
                  | Str+2}
147565 | Pan      | Identified the amulet "Iquiczae" {RegenMP rPois rC- Dex+4
                  | Stlth+}
147565 | Pan      | Noticed a seraph
147569 | Pan      | Killed a seraph
147725 | Pan      | Found a glowing silver altar of Zin.
148704 | Pan      | Identified Sif Muna's Compendium of the Arsonist and Stones
150431 | Pan      | Found a glowing golden altar of the Shining One.
150443 | Pan      | Identified the Tome of the Lucky Blaze
150451 | Pan      | Got a demonic rune of Zot
150753 | Pan      | Entered the realm of Gloorx Vloq.
152298 | Pan      | Noticed Gloorx Vloq
152687 | Pan      | Killed Gloorx Vloq
153085 | Pan      | Got a dark rune of Zot
153515 | Pan      | Entered the realm of Mnoleg.
153973 | Pan      | Gained mutation: You are occasionally teleported next to
                  | monsters. [a cacodemon]
154026 | Pan      | Noticed Mnoleg
154036 | Pan      | Killed Mnoleg
154049 | Pan      | Gained mutation: Your magical capacity is low. (-10% MP) [a
                  | neqoxec]
154053 | Pan      | Gained mutation: You are very weak. (Str -4) [a neqoxec]
154384 | Pan      | Got a glowing rune of Zot
154694 | Pan      | Gained mutation: You tend to lose your temper in combat. [a
                  | cacodemon]
154818 | Pan      | Found an exit through the horrors of the Abyss.
155043 | Pan      | Noticed Alyron the pandemonium lord
155046 | Pan      | Killed Alyron the pandemonium lord
155205 | Pan      | Identified the +5 long sword "Death Rattle" {holy, rC+
                  | Dex+3 Stlth+} (You found it in Pandemonium)
155241 | Pan      | Entered the realm of Lom Lobon.
155462 | Pan      | Found an exit through the horrors of the Abyss.
155479 | Pan      | Noticed Lom Lobon
155533 | Pan      | Lost mutation: You are very weak. (Str -4) [potion of
                  | mutation]
155533 | Pan      | Lost mutation: Your magical capacity is low. (-10% MP)
                  | [potion of mutation]
155681 | Pan      | Got a magical rune of Zot
155993 | Pan      | Reached skill level 27 in Invocations
156059 | Pan      | Found an exit through the horrors of the Abyss.
156069 | Pan      | Took an exit into the Abyss.
156069 | Abyss:1  | Escaped into the Abyss
156099 | Abyss:1  | Killed an ancient lich
156254 | Orc:2    | Escaped the Abyss
156652 | Slime:5  | Lost mutation: You are very clumsy. (Dex -4) [potion of
                  | mutation]
156652 | Slime:5  | Lost mutation: Your spells are a little easier to cast, but
                  | a little less powerful. [potion of mutation]
157213 | Depths:2 | Found a shimmering blue altar of Sif Muna.
157305 | Depths:2 | Identified Afikk's Grimoire of Flames
157364 | Depths:2 | Identified the Collected Works on Congealing Flight
157376 | Depths:2 | Identified the +8 long sword of the Sky {freeze, Str-2
                  | Dex+5} (You found it on level 2 of the Depths)
157470 | Depths:2 | Identified Roxanne's Catalogue of Clay and Transformation
157482 | Depths:2 | Identified the Reference Book on Flamy Attacks
157484 | Depths:2 | Identified the Papyrus of the Enthralling Glacier
157642 | Depths:3 | Learned a level 9 spell: Dragon's Call
157684 | Depths:3 | Voluntarily entered the Abyss.
157722 | Abyss:1  | Found a corrupted altar of Lugonu.
157785 | Abyss:1  | Lost mutation: You are clumsy. (Dex -2) [potion of
                  | mutation]
157785 | Abyss:1  | Lost mutation: You are weak. (Str -2) [potion of mutation]
157785 | Abyss:1  | Gained mutation: You have a somewhat thin skeletal
                  | structure. (Dex +2, Stealth) [potion of mutation]
157803 | Abyss:1  | Noticed an ancient lich
157809 | Abyss:1  | Killed an ancient lich
157834 | Abyss:1  | Noticed an ancient lich
157854 | Abyss:1  | Killed an ancient lich
158596 | Abyss:1  | Paralysed by accursed screaming for 1 turns
158600 | Abyss:1  | Paralysed by accursed screaming for 1 turns
158609 | Abyss:1  | Paralysed by accursed screaming for 1 turns
158991 | Abyss:1  | Found a shattered altar of Ashenzari.
159008 | Abyss:1  | Paralysed by accursed screaming for 2 turns
159939 | Abyss:1  | Found a corrupted altar of Lugonu.
161149 | Abyss:2  | Paralysed by accursed screaming for 2 turns
161179 | Depths:3 | Escaped the Abyss
161322 | Depths:3 | Voluntarily entered the Abyss.
161397 | Abyss:1  | Got a transparent amethyst amulet
161398 | Abyss:1  | Identified the amulet "Kank" {Harm *Drain Str+7} (You found
                  | it on level 1 of the Abyss)
161559 | Abyss:1  | Paralysed by accursed screaming for 1 turns
162945 | Abyss:1  | Got a translucent large shield
162965 | Abyss:1  | Identified the +6 large shield "Tapp" {rN+ Dex+6} (You
                  | found it on level 1 of the Abyss)
163460 | Abyss:1  | Identified the +3 large shield "Cora" {+Fly Regen+ Str+4
                  | Dex-4}
163902 | Depths:3 | Escaped the Abyss
164273 | Crypt:3  | Identified the +2 ring mail of Cawkalo {+Blink Int+2}
164331 | Tomb:1   | Entered Level 1 of the Tomb of the Ancients
164606 | Tomb:1   | Got an encrusted rapier
164607 | Tomb:1   | Identified the +4 rapier "Hellblazer" {pierce, rC- Str+7
                  | Dex+3} (You found it on level 1 of the Tomb of the
                  | Ancients)
164646 | Tomb:1   | Noticed a greater mummy
164654 | Tomb:1   | Noticed a greater mummy
164657 | Tomb:1   | Killed a greater mummy
164666 | Tomb:1   | Killed a greater mummy
164667 | Tomb:1   | Noticed a greater mummy
164693 | Tomb:1   | Killed a greater mummy
165321 | Tomb:1   | Noticed a greater mummy
165322 | Tomb:1   | Noticed a greater mummy
165334 | Tomb:1   | Killed a greater mummy
165345 | Tomb:1   | Killed a greater mummy
165357 | Tomb:1   | Noticed a greater mummy
165364 | Tomb:1   | Noticed a greater mummy
165367 | Tomb:1   | Noticed a greater mummy
165369 | Tomb:1   | Killed a greater mummy
165377 | Tomb:1   | Killed a greater mummy
165377 | Tomb:1   | Noticed a greater mummy
165385 | Tomb:1   | Killed a greater mummy
165398 | Tomb:1   | Killed a greater mummy
165461 | Tomb:1   | Noticed a greater mummy
165470 | Tomb:1   | Killed a greater mummy
165471 | Tomb:1   | Noticed a greater mummy
165473 | Tomb:1   | Noticed a greater mummy
165478 | Tomb:1   | Killed a greater mummy
165480 | Tomb:1   | Killed a greater mummy
165486 | Tomb:1   | Noticed a greater mummy
165504 | Tomb:1   | Killed a greater mummy
165538 | Tomb:1   | Noticed a greater mummy
165550 | Tomb:1   | Killed a greater mummy
165550 | Tomb:1   | Noticed a greater mummy
165562 | Tomb:1   | Killed a greater mummy
165569 | Tomb:1   | Noticed a greater mummy
165583 | Tomb:1   | Killed a greater mummy
165589 | Tomb:1   | Noticed a greater mummy
165608 | Tomb:1   | Killed a greater mummy
165613 | Tomb:1   | Noticed a greater mummy
165616 | Tomb:1   | Noticed a greater mummy
165621 | Tomb:1   | Killed a greater mummy
165622 | Tomb:1   | Noticed a greater mummy
165636 | Tomb:1   | Killed a greater mummy
165645 | Tomb:1   | Killed a greater mummy
165723 | Tomb:1   | Noticed a greater mummy
165740 | Tomb:1   | Killed a greater mummy
165744 | Tomb:1   | Noticed a greater mummy
165750 | Tomb:1   | Killed a greater mummy
166664 | Depths:3 | Voluntarily entered the Abyss.
166726 | Abyss:1  | Found a corrupted altar of Lugonu.
166923 | Depths:3 | Escaped the Abyss
166925 | Depths:3 | Voluntarily entered the Abyss.
167133 | Depths:3 | Escaped the Abyss
167135 | Depths:3 | Voluntarily entered the Abyss.
167964 | Depths:3 | Escaped the Abyss
167967 | Depths:3 | Lost mutation: You tend to lose your temper in combat.
                  | [potion of mutation]
167967 | Depths:3 | Lost mutation: You are occasionally teleported next to
                  | monsters. [potion of mutation]
167967 | Depths:3 | Gained mutation: You are resistant to hostile enchantments.
                  | (MR+) [potion of mutation]
168645 | Tomb:3   | Entered Level 3 of the Tomb of the Ancients
168818 | Tomb:3   | Learned a level 1 spell: Apportation
168845 | Tomb:3   | Found the +8 demon trident "Rift" {distort, reach+}
168989 | Tomb:3   | Noticed a greater mummy
169017 | Tomb:3   | Noticed a greater mummy
169020 | Tomb:3   | Killed a greater mummy
169021 | Tomb:3   | Noticed a greater mummy
169024 | Tomb:3   | Killed a greater mummy
169025 | Tomb:3   | Killed a greater mummy
169041 | Tomb:3   | Noticed an ancient lich
169042 | Tomb:3   | Killed from afar by an ushabti

Levels and vault maps discovered:
D:1:      shiori_arrival_maze, layout_rooms
D:2:      layout_basic, first_ration
D:3:      layout_basic, lemuel_round_altar, uniq_sigmund
D:4:      layout_basic, lemuel_zombie_altar_yredelemnul, lightli_corner_chamber
D:5:      minmay_chambers_of_threes, layout_basic, grunt_temple_overflow_open
D:6:      layout_basic, minmay_temple_entry_mist, minmay_misc_feat_four_crosses,
          fedhas_ov_isle_minmay, uniq_menkaure
D:7:      layout_rooms, grunt_ogre_cave
D:8:      layout_cave_pools, lair_entry_dummy, minivault_22,
          chequers_serial_rivers_small_a, uniq_pikel, uniq_joseph, uniq_harold,
          uniq_psyche
D:9:      minmay_the_grid_four_pointed_star
          [minmay_the_grid_triangle_9x9_subtriangle,
          minmay_the_grid_triangle_9x9_warning,
          minmay_the_grid_triangle_9x9_minimal,
          minmay_the_grid_triangle_9x9_checkered,
          minmay_the_grid_prize_big_room], layout_basic, lemuel_crystal_altar,
          trog_ov_bears_minmay, gammafunk_temple_overflow_elements,
          minmay_orc_entry_guard_dogs, chequers_serial_rivers_small_3
D:10:     minmay_ornate_pinched, layout_basic, special_room [special_room_orc],
          gammafunk_ghost_icy
D:11:     layout_cross, ploomutoo_gammafunk_ghost_potion_laboratory
D:12:     layout_stronghold, gammafunk_ghost_arena
D:13:     layout_rooms, grunt_vaults_entry_tiered, uniq_frances
D:14:     layout_basic, chequers_decorated_corner, uniq_snorg
D:15:     gammafunk_depths_entry_grave, layout_basic, nrook_pool_corridor
Temple:   dpeg_chambers_temple
Lair:1:   layout_hall_layers, basic_altar
Lair:2:   lemuel_ratsnest, layout_big_grid, minmay_shoals_entry_hut,
          minivault_27, beast_lair_carwin_11, uniq_urug
Lair:3:   layout_gridlike
Lair:4:   layout_loops_ring, guppyfry_snake_entry_island, basic_altar,
          serial_bayou_shore_b, lemuel_fruit_tree
Lair:5:   layout_cave_pods, slime_altar_2, lemuel_fruit_fields,
          infiniplex_staircase_pool
Lair:6:   grunt_lair_end_beastmaster, layout_long_grid, serial_bayou_shore_b,
          grunt_megastairs_1, uniq_nessos
Shoals:1: layout_shoals, ebering_ghost_disaster_area
Shoals:2: layout_shoals, nicolae_shoals_this_corrosion, uniq_ilsuiw
Shoals:3: layout_shoals, uniq_polyphemus
Shoals:4: shoals_end_grunt_ice, layout_shoals, ebering_ghost_inner_flame
Snake:1:  layout_grid_maze
Snake:2:  nicolae_cobra_stairs, layout_misc_corridors, serial_shops, shop,
          gammafunk_ghost_arena
Snake:3:  layout_chambers, serial_shops,
          nicolae_shop_competitors_out_of_business, uniq_aizul
Snake:4:  snake_pit, layout_cave_town, nicolae_snake_lava_pool,
          serial_bayou_shore_a, uniq_kirke
Slime:1:  layout_caves
Slime:2:  layout_caves
Slime:3:  layout_caves
Slime:4:  layout_caves
Slime:5
Orc:1:    layout_caves, basic_altar, nicolae_orc_stony_grotto, uniq_jorgrun
Orc:2:    pf_orc_diabolical, layout_diamond_mine
Elf:1:    eino_elf_arrival_the_gate, layout_loops_cross, serial_shops,
          shop_fountains, shop, kennysheep_underground_church, uniq_agnes
Elf:2:    layout_geoelf_octagon, serial_shops, shop, shop, shop, shop_scrolls,
          drop_trap
Elf:3:    minmay_elf_hall_quartered_circle, layout_geoelf_octagon, serial_shops,
          nicolae_shop_behind_doors, kb_rosetta, uniq_roxanne
Vaults:1: nicolae_vaults_three_branches, v_misc_5, v_rooms_2,
          nicolae_vaults_shelves_hall, hangedman_vaults_pinch,
          grunt_tower_of_power, v_misc_15, v_misc_18,
          nicolae_vaults_angled_halls, v_misc_18, vaults_room_pools,
          vaults_room_semicircle, nicolae_vaults_diagonal_hallway_9,
          vaults_dpeg_encased_lava, ontoclasm_vaults_loading_screen,
          layout_vaults_maze_snakey, serial_shops, shop
Vaults:2: hangedman_vaults_restitches, nicolae_vaults_twisting_passages,
          ontoclasm_vaults_loading_screen, vaults_room_pool,
          hangedman_vaults_maws, vaults_standard_mumra_x,
          layout_vaults_omnigrid, serial_shops, nicolae_shop_trees, uniq_nikola,
          uniq_boris
Vaults:3: v_rooms_1, nicolae_vaults_windows_and_doors_thing,
          nicolae_vaults_c_with_doors, nicolae_vaults_little_squares_6,
          ontoclasm_vaults_loading_screen, minmay_crypt_entry_simple_statues,
          ontoclasm_vaults_hangar, v_misc_29, grunt_vaults_funnel,
          vaults_mumra_minichess_inversion, layout_vaults_ring, serial_shops,
          shop
Vaults:4: hangedman_vaults_maws, hangedman_vaults_restitches,
          hangedman_vaults_snaps, hangedman_vaults_river_flow,
          hangedman_vaults_stretched_pinwheel, vaults_standard_mumra_lines,
          grunt_vaults_diagonal, v_misc_30, nicolae_vaults_theta,
          layout_vaults_omnibox, uniq_donald
Vaults:5: uniq_mara
Crypt:1:  layout_rooms, roderic_lattice_octagonal_star,
          grunt_crypt_arrival_guarded_gate, uniq_mennas
Crypt:2:  hangedman_staggered_hall, layout_misc_corridors, mu_enter_wizlab_6,
          ebering_ghost_reflecting_pool
Crypt:3:  cryptofortress_bobbens, uniq_sojobo
Tomb:1
Tomb:2
Tomb:3
Depths:1: layout_cave_shapes, hell_entry, tso_altar, serial_bayou_shore_b
Depths:2: evilmike_library_of_no_secrets, layout_cave_pools,
          minmay_misc_feat_ornament, hell_entry,
          gammafunk_ghost_wrathful_warriors, rand_demon_pan_entry_3,
          lemuel_nasty_fountain, infiniplex_staircase_split_hallway
Depths:3: evilmike_marble_ring, layout_basic, enter_ziggurat_a,
          abyss_entry_crystal, pf_hell_entry_tar_river, grunt_pan_entry_spiral,
          uniq_enchantress
Depths:4: kennysheep_ambush_hall, layout_cave_pools, rand_demon_pan_entry_9,
          minmay_misc_feat_rows, serial_shops, kennysheep_mini_moat,
          abyss_entry, hell_entry, grunt_ministairs_8, hangedman_decor_growths,
          uniq_frederick
Depths:5: hangedman_slaughterboxes, hell_entry
Hell
Dis:1:    layout_gridville
Dis:2:    layout_chaotic_city, lemuel_elevator
Dis:3:    layout_overlapping_boxes
Dis:6:    layout_overlapping_boxes, grunt_megastairs_3
Dis:7:    iron_city_of_dis [dis_old, dis_wall_6], layout_chaotic_city
Geh:1:    layout_gehenna_lava_caves, gehenna_fire_generator
Geh:2:    layout_gehenna_lava_caves
Geh:3:    layout_gehenna_lava_caves
Geh:4:    layout_gehenna_lava_caves
Geh:5:    layout_gehenna_lava_caves
Geh:6:    layout_gehenna_pools_triple, nicolae_geh_sunburst
Geh:7:    geh_grunt
Coc:1:    layout_cocytus_water_paths
Coc:2:    layout_ice_bergs
Coc:3:    layout_ice_bergs
Coc:4:    layout_cocytus_water_paths
Coc:5:    layout_cocytus_water_paths
Coc:6:    layout_cocytus_water_paths
Coc:7:    coc_grunt
Tar:1:    layout_honeycomb
Tar:2:    layout_catacombs
Tar:3:    layout_honeycomb, evilmike_ambush [evilmike_ambush_outer_basic,
          evilmike_ambush_inner_basic]
Tar:4:    layout_cathedral_of_symmetry
Tar:5:    grunt_deathspiral_small, layout_cathedral_of_symmetry
Tar:6:    layout_grid_maze
Tar:7:    tar_mu [tar_mu_maze]
Zot:1:    layout_concentric_octagons, evilmike_ambush
          [evilmike_ambush_outer_basic, evilmike_ambush_inner_cross]
Zot:2:    layout_onion_interference
Zot:3:    layout_cathedral_of_symmetry, lemuel_elevator
Zot:4:    layout_onion_interference
Zot:5:    layout_misc_corridors

Skill      XL: |  1  2  3  4  5  6  7  8  9 10 11 12 13 14 15 16 17 18 19 20 21 22 23 24 25 26 27 |
---------------+----------------------------------------------------------------------------------+-----
Conjurations   | 2 3 4 5 6 7 8 9 10 11 12 13 14 22 | 22.9
Spellcasting   | 5 6 7 8 9 10 11 12 13 14 15 16 17 26 | 26.5
Invocations    | 1 2 3 4 5 6 7 8 9 10 11 12 13 14 15 16 17 18 27 | 27.0
Fighting       | 1 2 3 4 5 6 7 8 9 10 11 12 13 14 15 16 26 | 26.2
Short Blades   | 1 2 3 4 5 6 7 8 9 10 11 12 13 14 15 16 26 | 26.2
Long Blades    | 1 2 3 4 5 6 7 8 9 10 11 12 13 14 15 16 26 | 26.2
Axes           | 1 2 3 4 5 6 7 8 9 10 11 12 13 14 15 16 26 | 26.2
Maces & Flails | 1 2 3 4 5 6 7 8 9 10 11 12 13 14 15 16 26 | 26.2
Polearms       | 1 2 3 4 5 6 7 8 9 10 11 12 13 14 15 16 26 | 26.2
Staves         | 1 2 3 4 5 6 7 8 9 10 11 12 13 14 15 16 26 | 26.2
Slings         | 1 2 3 4 5 6 7 8 9 10 11 12 13 14 15 16 26 | 26.2
Bows           | 1 2 3 4 5 6 7 8 9 10 11 12 13 14 15 16 26 | 26.2
Crossbows      | 1 2 3 4 5 6 7 8 9 10 11 12 13 14 15 16 26 | 26.2
Throwing       | 1 2 3 4 5 6 7 8 9 10 11 12 13 14 15 16 26 | 26.2
Armour         | 1 2 3 4 5 6 7 8 9 10 11 12 13 14 15 16 26 | 26.2
Shields        | 1 2 3 4 5 6 7 8 9 10 11 12 13 14 15 16 26 | 26.2
Unarmed Combat | 1 2 3 4 5 6 7 8 9 10 11 12 13 14 15 16 26 | 26.2
Evocations     | 1 2 3 4 5 6 7 8 9 10 11 12 13 14 15 16 26 | 26.2
Hexes          | 1 2 3 4 5 6 7 8 9 10 11 12 13 14 22 | 22.9
Charms         | 1 2 3 4 5 6 7 8 9 10 11 12 13 14 22 | 22.9
Summonings     | 1 2 3 4 5 6 7 8 9 10 11 12 13 14 22 | 22.9
Necromancy     | 1 2 3 4 5 6 7 8 9 10 11 12 13 14 22 | 22.9
Translocations | 1 2 3 4 5 6 7 8 9 10 11 12 13 14 22 | 22.9
Transmutations | 1 2 3 4 5 6 7 8 9 10 11 12 13 14 22 | 22.9
Fire Magic     | 1 2 3 4 5 6 7 8 9 10 11 12 13 14 22 | 22.9
Ice Magic      | 1 2 3 4 5 6 7 8 9 10 11 12 13 14 22 | 22.9
Earth Magic    | 1 2 3 4 5 6 7 8 9 10 11 12 13 14 22 | 22.9
Poison Magic   | 1 2 3 4 5 6 7 8 9 10 11 12 13 14 22 | 22.9
Dodging        | 5 6 7 8 9 10 11 12 13 14 15 16 17 26 | 26.5
Stealth        | 5 6 7 8 9 10 11 12 13 14 15 16 17 26 | 26.4
Air Magic      | 6 7 8 9 10 11 12 13 14 15 23 | 23.3

Action                   |  1- 3 |  4- 6 |  7- 9 | 10-12 | 13-15 | 16-18 | 19-21 | 22-24 | 25-27 || total
-------------------------+-------+-------+-------+-------+-------+-------+-------+-------+-------++-------
Melee: Unarmed           |     1 |       |       |       |       |       |       |       |  5505 ||  5506
       War axe           |       |    11 |       |       |       |       |       |       |       ||    11
       Mace              |       |     2 |     1 |   389 |   935 |   222 |     3 |    89 |       ||  1641
       Bite              |       |     1 |    12 |   110 |   275 |   261 |   329 |   512 |  4245 ||  5745
       Dagger            |       |       |   156 |    98 |    54 |       |       |       |       ||   308
       Punch             |       |       |     2 |       |       |       |       |       |       ||     2
       Demon whip        |       |       |       |       |       |   827 |  1175 |  1879 |  6063 ||  9944
       Staff             |       |       |       |       |       |    61 |    25 |    52 |    25 ||   163
       Morningstar       |       |       |       |       |       |       |    12 |       |       ||    12
       Demon trident     |       |       |       |       |       |       |       |    23 |       ||    23
       Eveningstar       |       |       |       |       |       |       |       |    20 |   298 ||   318
       Eudemon blade     |       |       |       |       |       |       |       |       |  5456 ||  5456
       Double sword      |       |       |       |       |       |       |       |       |   178 ||   178
       Demon blade       |       |       |       |       |       |       |       |       |    15 ||    15
 Fire: Hunting sling     |     8 |     4 |     5 |       |     8 |    51 |       |       |       ||    76
       Fustibalus        |       |       |       |       |       |     5 |   178 |   131 |    28 ||   342
Throw: Throwing net      |       |       |       |     1 |       |       |       |       |       ||     1
       Boomerang         |       |       |       |       |     7 |     3 |       |    41 |   426 ||   477
 Cast: Shock             |    56 |    51 |   223 |   358 |   384 |   622 |   145 |    98 |    47 ||  1984
       Airstrike         |       |     3 |     6 |     4 |    18 |     6 |     2 |    44 |   154 ||   237
       Swiftness         |       |       |     1 |       |       |       |       |       |       ||     1
       Lightning Bolt    |       |       |     2 |    12 |    38 |     9 |     3 |     1 |     9 ||    74
       Confusing Touch   |       |       |       |     3 |     2 |     2 |       |       |     1 ||     8
       Summon Ice Beast  |       |       |       |    27 |   111 |    81 |    71 |    55 |    50 ||   395
       Freezing Cloud    |       |       |       |       |       |   119 |    98 |    61 |    81 ||   359
       Lesser Beckoning  |       |       |       |       |       |    13 |    14 |    19 |   120 ||   166
       Orb of Destructio |       |       |       |       |       |       |     5 |    18 |   608 ||   631
       Spellforged Servi |       |       |       |       |       |       |       |     6 |     9 ||    15
       Regeneration      |       |       |       |       |       |       |       |     3 |   194 ||   197
       Necromutation     |       |       |       |       |       |       |       |       |   154 ||   154
       Haunt             |       |       |       |       |       |       |       |       |    75 ||    75
       Sublimation of Bl |       |       |       |       |       |       |       |       |    61 ||    61
       Fire Storm        |       |       |       |       |       |       |       |       |    46 ||    46
       Summon Hydra      |       |       |       |       |       |       |       |       |    13 ||    13
       Shatter           |       |       |       |       |       |       |       |       |    12 ||    12
       Death's Door      |       |       |       |       |       |       |       |       |     5 ||     5
       Dragon's Call     |       |       |       |       |       |       |       |       |     2 ||     2
       Apportation       |       |       |       |       |       |       |       |       |     1 ||     1
       Summon Butterflie |       |       |       |       |       |       |       |       |     1 ||     1
Invok: Slouch            |       |       |       |     1 |     7 |     3 |       |    15 |    22 ||    48
       Temporal Distorti |       |       |       |       |     1 |     1 |       |       |       ||     2
       Step From Time    |       |       |       |       |       |       |     1 |       |     4 ||     5
       Bend Time         |       |       |       |       |       |       |       |       |     1 ||     1
 Abil: Blink             |       |       |       |       |       |       |       |     3 |     2 ||     5
       Evoke Blink       |       |       |       |       |       |       |       |       |     4 ||     4
       Evoke Thunderclou |       |       |       |       |       |       |       |       |     1 ||     1
       End Transformatio |       |       |       |       |       |       |       |       |    11 ||    11
Evoke: Wand              |       |       |       |     3 |     9 |       |     3 |     1 |    35 ||    51
       Lamp of fire      |       |       |       |       |       |       |     1 |       |     7 ||     8
       Crystal ball of e |       |       |       |       |       |       |       |       |    40 ||    40
       Staff of energy   |       |       |       |       |       |       |       |       |     4 ||     4
  Use: Scroll            |       |       |     2 |    24 |     7 |    12 |     7 |     4 |    85 ||   141
       Potion            |       |       |       |     8 |     2 |     2 |     3 |     7 |    37 ||    59
 Stab: Sleeping          |       |     1 |     4 |     4 |     8 |     4 |    15 |     3 |    87 ||   126
       Held in net/web   |       |       |       |     2 |       |       |       |       |       ||     2
       Distracted        |       |       |       |     5 |    15 |     3 |    14 |    17 |    97 ||   151
       Paralysed         |       |       |       |       |     1 |       |     5 |       |     2 ||     8
       Confused          |       |       |       |       |     1 |       |       |       |       ||     1
       Invisible         |       |       |       |       |       |       |       |       |     5 ||     5
       Petrifying        |       |       |       |       |       |       |       |       |     2 ||     2
  Eat: Chunk             |     2 |     6 |    12 |    17 |    25 |    15 |    18 |    15 |    42 ||   152
       Ration            |       |       |     1 |       |       |     5 |     3 |     3 |    37 ||    49
Armor: Robe              |     2 |     2 |    40 |    79 |    14 |       |       |       |    14 ||   151
       Scale mail        |       |       |       |       |   271 |   276 |   250 |   269 |    76 ||  1142
       Shadow dragon sca |       |       |       |       |       |       |       |       |   114 ||   114
       Skin              |       |       |       |       |       |       |       |       |     1 ||     1
       Pearl dragon scal |       |       |       |       |       |       |       |       |  3183 ||  3183
Dodge: Dodged            |    17 |    17 |   120 |   431 |   773 |   739 |   623 |   984 | 10808 || 14512
Block: Buckler           |       |       |    32 |   246 |   610 |   500 |   501 |       |       ||  1889
       Shield            |       |       |       |       |       |       |    88 |  1394 | 15684 || 17166
       Reflection        |       |       |       |       |       |       |     7 |    57 |   250 ||   314
       Large shield      |       |       |       |       |       |       |       |       |   758 ||   758
       Rpst.: Eudemon blade |       |       |       |       |       |       |       |       |   590 ||   590
       Double sword      |       |       |       |       |       |       |       |       |    21 ||    21
       Demon blade       |       |       |       |       |       |       |       |       |     1 ||     1
